 Dungeon Crawl Stone Soup version 0.32-a0-984-gb8cfe57ea9 (webtiles) character file.

Game seed: 5865364064803400850

2556243 EnegeticOcto the Dissolving Goblin (level 27, 217/217 HPs)
             Began as a Coglin Ice Elementalist on Apr 21, 2024.
             Was an Elder of Jiyva.
             Escaped with the Orb
             ... and 4 runes
             ... and 1 gem!
             The game lasted 02:44:06 (63025 turns).

EnegeticOcto the Dissolving Goblin (CoIE)          Turns: 63025, Time: 02:44:07

Health: 217/217    AC: 19    Str: 11    XL:     27
Magic:  51/51      EV: 20    Int: 29    God:    Jiyva [****..]
Gold:   5259       SH:  0    Dex: 16    Spells: 5/62 levels left

rFire   + . .        e - +3 Elemental Staff {ele, rElec rF+ rC+ AC+3}
rCold   + . .        V - +6 Majin-Bo {spellvamp, MP+6 Int+6}
rNeg    . . .        n - +5 ring mail of Absence {Harm MP+9 SInv}
rPois   +            (helmet restricted)
rElec   +            J - scarf of Nampimpip {harm, rElec Will+ MP-9}
rCorr   +            K - +2 pair of gloves
SInv    +            N - +2 pair of slick slippers {slick, slippery, EV+4}
Will    +++++        (amulet unavailable)
Stlth   +            (ring unavailable)
HPRegen 2.64/turn    (ring unavailable)
MPRegen 1.36/turn    P
                       - NW-00 neomodule {rPois Will+ Regen+ RegenMP+ rCorr}

%: harm (+45% outgoing, +30% incoming)
@: studying 6 skills
A: off-hand wielding, slow wielding, warmup strikes, no jewellery, horns 2,
iridescent scales 1, dopey 1, strong-willed 3, acidic bite, gelatinous body 1,
pseudopods 1, tendrils, jelly absorbing missiles, inability to drink after
injury 2, engulf
0: Orb of Zot
}: 4/15 runes: decaying, serpentine, slimy, silver
a: Renounce Religion, Oozemancy, Slimify


You escaped.
You worshipped Jiyva.
Jiyva was greatly pleased with you.
You visited 12 branches of the dungeon, and saw 54 of its levels.
You visited 1 ziggurat, and saw 6 of its levels.
You also visited: Bailey, Gauntlet and Wizlab.

You collected 6210 gold pieces.
You spent 951 gold pieces at shops.

Inventory:

Hand Weapons
 e - the +3 Elemental Staff (weapon) {ele, rElec rF+ rC+ AC+3}
   (You found it on level 5 of the Pits of Slime)

   AC+3:      It affects your AC (+3).
   rF+:       It protects you from fire.
   rC+:       It protects you from cold.
   rElec:     It insulates you from electricity.
 V - the +6 Majin-Bo (offhand) {spellvamp, MP+6 Int+6}
   (You took it off a Hellbinder in a wizard's laboratory)

   Int+6:     It affects your intelligence (+6).
   MP+6:      It affects your magic capacity (+6).
Missiles
 k - 4 curare-tipped darts
 O - a throwing net {!f}
Armour
 c - the +2 helmet of the Thistle {rF+}
   (You found it in a Gauntlet)

   rF+:       It protects you from fire.
 n - the +5 ring mail of Absence (worn) {Harm MP+9 SInv}
   (You found it on level 3 of the Dungeon)

   MP+9:      It affects your magic capacity (+9).
   SInv:      It lets you see invisible.
   Harm:      It increases damage dealt and taken.
 J - the scarf of Nampimpip (worn) {harm, rElec Will+ MP-9}
   (You acquired it on level 4 of the Lair of Beasts)

   rElec:     It insulates you from electricity.
   Will+:     It increases your willpower.
   MP-9:      It affects your magic capacity (-9).
 K - a +2 pair of gloves (worn)
   (You found it on level 2 of the Lair of Beasts)
 N - the +2 pair of slick slippers (worn) {slick, slippery, EV+4}
   (You acquired it on level 3 of the Vaults)

   Slick:     Its wearer cannot be constricted, engulfed, netted, webbed, or
   stopped by binding sigils.
   Slippery:  Its wearer slips away from damaging melee attacks, pulling the
   attacker onward.
   EV+4:      It affects your evasion (+4).
Magical Staves
 W - the staff of Dissolution {rF+ Will+ rCorr Dex+2 Fire}
   (You found it on level 5 of the Vaults)

   [staff of fire]

   Base accuracy: +5 Base damage: 5 Base attack delay: 1.2 This weapon's minimum
   attack delay (0.6) is reached at skill level 12.
   Dex+2:     It affects your dexterity (+2).
   rF+:       It protects you from fire.
   Will+:     It increases your willpower.
   rCorr:     It protects you from acid and corrosion.
   Fire:      It increases the power of your Fire spells.
   It falls into the 'Staves' category.
   It is a one-graspered weapon.
Gizmo
 P - a NW-00 neomodule (installed) {rPois Will+ Regen+ RegenMP+ rCorr}
   (You invented it yourself on level 5 of the Lair of Beasts)

   [NW-00 neomodule]

   rPois:     It protects you from poison.
   Will+:     It increases your willpower.
   Regen+:    It increases your rate of health regeneration.
   rCorr:     It protects you from acid and corrosion.
   RegenMP+:  It increases your rate of magic regeneration.
Wands
 g - a wand of mindburst (47)
   (You found it on level 1 of the Swamp)
 l - a wand of polymorph (22)
   (You found it in a Gauntlet)
 t - a wand of iceblast (8) {@v2}
   (You found it on level 7 of the Dungeon)
 D - a wand of paralysis (57)
   (You took it off an orc on level 4 of the Dungeon)
 M - a wand of acid (14) {@v1}
   (You found it on level 2 of the Lair of Beasts)
 T - a wand of digging (11) {@v3}
   (You found it on level 2 of the Elven Halls)
Scrolls
 d - 6 scrolls of fear {!r}
 f - 8 scrolls of blinking {@r4}
 i - 14 scrolls of teleportation {@r3 !r}
 j - 10 scrolls of fog {!r}
 o - a scroll of brand weapon
 p - 11 scrolls of vulnerability
 u - 3 scrolls of enchant armour
 x - 3 scrolls of revelation {@r5 !r}
 y - 4 scrolls of poison {!r}
 Q - 6 scrolls of summoning {!r}
 S - 3 scrolls of immolation
 Z - 9 scrolls of enchant weapon
Potions
 a - 5 potions of might {@q3 !q}
 b - 3 potions of magic
 h - 9 potions of lignification {@q6}
 q - 3 potions of berserk rage
 s - 4 potions of resistance
 v - 12 potions of mutation
 w - 6 potions of heal wounds {@q2 !q}
 z - 2 potions of haste {@q4 !q}
 E - 7 potions of brilliance
 G - 19 potions of curing {@q1 !q}
 H - 2 potions of cancellation
 L - 7 potions of ambrosia
 R - 2 potions of enlightenment
 U - a potion of invisibility
 Y - 5 potions of attraction
Miscellaneous
 m - a lightning rod (4/4)
   (You found it on level 5 of the Vaults)
 r - a tin of tremorstones (2/2)
   (You found it in a Gauntlet)
 A - a phantom mirror
   (You found it on level 4 of the Swamp)
 F - a box of beasts
   (You found it in a Gauntlet)
 X - a Gell's gravitambourine (1/2)
   (You found it on level 12 of the Dungeon)


   Skills:
 - Level 18.0 Fighting
 - Level 4.0 Armour
 - Level 12.0 Dodging
 - Level 3.0 Stealth
 - Level 18.0 Spellcasting
 - Level 18.0 Conjurations
 - Level 3.0 Summonings
 - Level 8.0 Fire Magic
 - Level 9.0 Ice Magic
 - Level 20.0 Alchemy
 + Level 20.3 Invocations
 - Level 16.0 Evocations


You had 5 spell levels left.
You knew the following spells:

 Your Spells              Type           Power      Damage    Failure   Level
a - Bombard               Conj/Erth      43%        9d7       14%         6
b - Fireball              Conj/Fire      50%        3d20      1%          5
c - Fulsome Fusillade     Conj/Alch      47%        (3-5)d14  10%         8
d - Starburst             Conj/Fire      50%        6d14      2%          6
e - Frozen Ramparts       Ice            100%       1d16      1%          3
f - Ozocubu's Armour      Ice            87%        N/A       1%          3
g - Hailstorm             Conj/Ice       100%       3d16      1%          3
h - Orb of Destruction    Conj           46%        9d12      1%          7
i - Yara's Violent Unrav  Hex/Alch       35%        3d14      1%          5
j - Summon Ice Beast      Ice/Summ       74%        N/A       1%          3
p - Passwall              Erth           39%        N/A       11%         3
z - Irradiate             Conj/Alch      47%        3d27      1%          5

Your spell library contained the following spells:

 Spells                   Type           Power      Damage    Failure   Level
 Sting                    Conj/Alch      100%       1d9       0%          1
 Fulminant Prism          Conj/Alch      47%        3d21      0%          4
 Olgreb's Toxic Radiance  Alch           97%        N/A       0%          4
 Freeze                   Ice            100%       1d10      1%          1
 Kiss of Death            Conj/Necr      100%       2d13      1%          1
 Shock                    Conj/Air       100%       1d9       1%          1
 Summon Small Mammal      Summ           100%       N/A       1%          1
 Ensorcelled Hibernation  Hex/Ice        100%       N/A       1%          2
 Mercury Vapours          Alch/Air       100%       N/A       1%          2
 Dazzling Flash           Conj/Hex       100%       N/A       1%          3
 Mephitic Cloud           Conj/Alch/Air  99%        N/A       1%          3
 Stone Arrow              Conj/Erth      100%       3d13      1%          3
 Brom's Barrelling Bould  Conj/Erth      87%        2d10      1%          4
 Flame Wave               Conj/Fire      100%       2d21      1%          4
 Ignite Poison            Fire/Alch      100%       N/A       1%          4
 Iskenderun's Mystic Bla  Conj/Tloc      67%        2d14      (+2d71%     4
 Leda's Liquefaction      Alch/Erth      45%        N/A       1%          4
 Petrify                  Alch/Erth      90%        N/A       1%          4
 Sticky Flame             Fire/Alch      100%       2d15      1%          4
 Alistair's Intoxication  Alch           64%        N/A       1%          5
 Iskenderun's Battlesphe  Conj           92%        2d14      1%          5
 Inner Flame              Hex/Fire       65%        N/A       2%          3
 Volatile Blastmotes      Fire/Tloc      100%       2d18      2%          3
 Freezing Cloud           Conj/Ice/Air   54%        6-21      2%          5
 Apportation              Tloc           52%        N/A       3%          1
 Necrotise                Necr           100%       1d9       3%          1
 Sandblast                Erth           78%        2d17      3%          1
 Call Canine Familiar     Summ           43%        N/A       3%          3
 Summon Blazeheart Golem  Fire/Summ      72%        N/A       3%          4
 Jinxbite                 Hex            52%        N/A       5%          2
 Lesser Beckoning         Tloc           52%        N/A       5%          2
 Confusing Touch          Hex            26%        N/A       11%         3
 Fugue of the Fallen      Necr           26%        N/A       11%         3
 Maxwell's Portable Pile  Tloc           26%        2d(7-21)  11%         3
 Sigil of Binding         Hex            26%        N/A       11%         3
 Teleport Other           Tloc           26%        N/A       11%         3
 Tukima's Dance           Hex            26%        N/A       11%         3
 Vampiric Draining        Necr           26%        2d7       11%         3
 Animate Armour           Summ/Erth      100%       N/A       21%         4
 Summon Lightning Spire   Summ/Air       51%        N/A       21%         4
 Anguish                  Hex/Necr       13%        N/A       36%         4
 Animate Dead             Necr           26%        N/A       36%         4
 Cause Fear               Hex            13%        N/A       36%         4
 Dimensional Bullseye     Hex/Tloc       13%        N/A       36%         4
 Passage of Golubria      Tloc           26%        N/A       36%         4
 Vhi's Electric Charge    Tloc/Air       78%        N/A       36%         4
 Summon Forest            Summ/Tloc      17%        N/A       50%         5
 Summon Mana Viper        Hex/Summ       34%        N/A       50%         5
 Borgnjor's Vile Clutch   Necr/Erth      19%        N/A       71%         5
 Curse of Agony           Necr           26%        N/A       71%         5
 Silence                  Hex/Air        19%        N/A       71%         5
 Eringya's Noxious Bog    Alch           48%        4d6       1%          6
 Conjure Ball Lightning   Conj/Air       43%        3x3d15    14%         6
 Spellforged Servitor     Conj/Summ      36%        N/A       38%         7
 Seismic Cannonade        Alch/Erth      45%        6d15      45%         7
 Ozocubu's Refrigeration  Ice            43%        4d17      61%         7
 Death Channel            Necr           13%        N/A       99%         6
 Gell's Gavotte           Tloc           13%        2d(17-25) 99%         6
 Enfeeble                 Hex            13%        N/A       100%        7
 Haunt                    Necr/Summ      17%        N/A       100%        7
 Magnavolt                Erth/Air       28%        3d16      100%        7
 Monstrous Menagerie      Summ           21%        N/A       100%        7
 Borgnjor's Revivificati  Necr           13%        N/A       100%        8
 Discord                  Hex            13%        N/A       100%        8
 Disjunction              Tloc           13%        N/A       100%        8
 Ignition                 Fire           41%        3d12      100%        8
 Maxwell's Capacitive Co  Air            19%        ∞         100%        8
 Chain Lightning          Conj/Air       43%        3d58      100%        9
 Death's Door             Necr           13%        N/A       100%        9


Dungeon Overview and Level Annotations

Branches:
Dungeon (15/15)            Temple (1/1) D:4            Lair (5/5) D:10
  Swamp (4/4) Lair:2        Snake (4/4) Lair:3        Slime (5/5) Lair:5
    Orc (2/2) D:12            Elf (3/3) Orc:2        Vaults (5/5) D:14
  Crypt (1/3) Vaults:2     Depths (4/4) D:15            Zot (5/5) Depths:4
 Bailey (visited)          WizLab (visited)         Gauntlet (visited)

Altars:
Ashenzari
Cheibriados
Dithmenos
Elyvilon
Fedhas
Gozag
Hepliaklqana
Kikubaaqudgha
Makhleb
Nemelex Xobeh
Okawaru
Qazlal
Ru
Sif Muna
Trog
Uskayaw
Vehumet
Wu Jian
Xom
Yredelemnul
Zin
The Shining One
Beogh
Jiyva

Shops:
D:8 =   Orc:2 *([(   Elf:2 *   Snake:2 *[?   Vaults:4 (   Depths:2 ==:

Portals:
Hell: Depths:1 Depths:2 Depths:3 Depths:4
Abyss: Depths:3
Pandemonium: Depths:2
Trove: D:11 (give 10 potions of heal wounds)

Annotations:
D:12 2 runed translucent doors
Swamp:1 3 runed translucent doors, exclusion: 3 doors, Jopt's ghost, journeyman VSBe; Keot's ghost, journeyman DgEE
Snake:4 1 runed translucent door, exclusion: door, Papiegg's ghost, adept MiMo
Slime:5 Royal Jelly
Elf:2 3 runed translucent doors, exclusion: door
Depths:1 3 runed translucent doors, exclusion: 3 doors, Echeifod's ghost, adept DECj; mojasp's ghost, adept DsGl
Depths:2 1 runed translucent door, exclusion: door, Xieb Yco's ghost, veteran DjFE
Depths:4 6 runed translucent doors
Zot:3 3 runed translucent doors, 7 exclusions, Qebu's ghost, legendary GrFi
Zot:4 2 transporters, Calu's ghost, legendary KoHu
Zot:5 19 runed translucent doors, 1 exclusion


Innate Abilities, Weirdness & Mutations

You can wield a second weapon in your off-hand.
It takes a long time for you to wield or remove held weapons.
Your first few attacks do less damage.
You cannot equip rings or amulets.
You have a pair of horns on your head.
You are partially covered in iridescent scales. (AC +2)
You are dopey. (Int -2)
You are extremely strong-willed. (Will+++)
You have acidic saliva.
Your rubbery body absorbs attacks. (AC +1, EV +1)
Armour fits poorly on your pseudopods.
You are covered in slimy tendrils that may disarm your opponents.
You have a small jelly attached to you that may absorb projectiles.
You sometimes lose the ability to drink potions when taking damage.
Your melee attacks may engulf your foes in ooze.


Message History

Where to? (Tab/Enter - D:1 @ (x,y), ? - help) Flasks of reagents rain from above!
Flasks of reagents rain from above!
Your rain of reagents ends.
You hear a hideous shriek!
You hear a distant slurping noise.
HP restored.
There is a stone staircase leading up here.
You climb upwards.
There is a stone staircase leading down here.
Magic restored.
There is an open door here.
There is an open door here.
There is a stone staircase leading up here.
You climb upwards.
There is a stone staircase leading down here.
You hear a distant slurping noise.
There is a stone staircase leading up here.
You climb upwards.
There is a stone staircase leading down here.
There is a stone staircase leading up here.
You climb upwards.
There is a stone staircase leading down here.
There is a stone staircase leading up here.
You climb upwards.
There is a stone staircase leading down here.
There is a stone staircase leading up here.
You climb upwards.
There is a stone staircase leading down here.
An Eliom, a lich and a crimson imp come into view.
Unknown command.
Unknown command.
Unknown command.
Unknown command.
Unknown command.
Press: ? - help, v - describe, . - travel
Here: Eliom The floor.
Unknown command.
Blink to where?
Press: ? - help, Dir - move target
As you read the scroll of blinking {@r4}, it crumbles to dust.
Eliom moves out of view.
The lich moves out of view.
The crimson imp moves out of view.
Really quaff
z - 3 potions of haste {@q4 !q}?
You feel yourself speed up.
You hear a distant slurping noise.
Casting: Fulsome Fusillade (dangerous; 10% risk of failure)
Confirm with . or Enter, or press ? or * to list all spells.
Aiming: Passwall (mildly dangerous; 11% risk of failure)
Press: ? - help, Dir - move target A rock wall.
This square is covered in magical glow.
You feel a surge of power!
You begin to meditate on the wall.
You continue meditating on the rock.
HP restored.
You continue meditating on the rock.
You finish merging with the rock.
Casting: Passwall (mildly dangerous; 11% risk of failure)
Confirm with . or Enter, or press ? or * to list all spells.
Aiming: Passwall (mildly dangerous; 11% risk of failure)
Press: ? - help, Dir - move target A rock wall.
This square is covered in magical glow.
You feel a surge of power!
You begin to meditate on the wall.
You continue meditating on the rock. x2
You finish merging with the rock.
There is a stone staircase leading up here.
You climb upwards.
There is a stone staircase leading down here.
(D) Dungeon (T) Temple (L) Lair (S) Swamp (P) Snake Pit (M) Slime Pits (O) Orcish Mines (E) Elven Halls (V) Vaults (C) Crypt (U) Depths (H) Hell (Z) Zot
Where to? (Tab/Enter - D:1 @ (x,y), ? - help)
Your extra speed is starting to run out.
There is a stone staircase leading up here.
You feel yourself slow down.
You climb upwards.
There is a stone staircase leading down here.
There is a stone staircase leading up here.
You climb upwards.
There is a stone staircase leading down here.
You see here a +0 dagger.
There is a stone staircase leading up here.
You climb upwards.
There is a stone staircase leading down here.
There is a stone staircase leading up here.
You climb upwards.
Jiyva says: Divide and consume!
There is a stone staircase leading down here.
You see here a kobold skeleton.
You swap places.
You hear a slurping noise.
You hear a slurping noise.
You open the door.
There is an open door here.
You hear a distant slurping noise.
There is a staircase leading out of the dungeon here.
You have escaped!

#...#≈.~#≈§≈###########
#..J#≈.~#≈≈.# #.......
#...#~.~#≈..# #.######
#...#...#...####.#
#...........#....#
#...........######
#...........#
#...........#
#.....@.....#
#...........#
#############


You could see a neutral jelly (wandering) (fellow slime).

Vanquished Creatures
  A seraph (Zot:3)
  A dread lich (Vaults:5)
  Mennas (Vaults:3)
  Mara (Swamp:4)
  2 pandemonium lords
  3 Killer Klowns
  Margery (Vaults:3)
  5 caustic shrikes (Depths:4)
  2 curse toes
  15 golden dragons
  Nikola (Vaults:3)
  A Hellbinder (WizLab)
  2 doom hounds (Zot:3)
  2 electric golems (Zot:4)
  An iron giant (shapeshifter) (Zig:6)
  2 hellephants
  An Ice Fiend (Depths:4)
  17 tentacled monstrosities
  6 Orb Guardians
  2 Hell Sentinels
  4 liches
  Zenata (Elf:2)
  A walking earthen tome (Depths:3)
  Grunn (Zot:3)
  A searing wretch (Vaults:3)
  4 deep elf blademasters (Elf:3)
  2 deep elf master archers (Elf:3)
  6 titans (Vaults:5)
  11 death cobs
  6 quicksilver dragons
  2 sphinxes (Vaults:3)
  4 Executioners
  A walking frostbound tome (Zig:5)
  Frances (D:14)
  A shadow dragon (shapeshifter) (Depths:3)
  Kirke (Elf:1)
  6 tengu reavers
  10 shadow dragons
  Aizul (Snake:2)
  2 storm dragons (shapeshifter) (Depths:3)
  10 storm dragons
  2 fenstrider witches (Swamp:4)
  A daeva (Zot:4)
  6 nagarajas (Snake:4)
  2 protean progenitors (Zot:1)
  A fire giant (shapeshifter) (Depths:3)
  3 draconian monks
  A demonspawn warmonger (Zot:1)
  5 draconian shifters (Zot:4)
  10 frost giants
  8 fire giants
  3 deep elf sorcerers
  3 draconian scorchers
  5 ghost moths
  6 draconian knights
  15 vault wardens
  4 deep elf elementalists
  2 angels (Depths:1)
  5 balrugs
  2 cacodemons
  A ghoul (Swamp:2)
  2 spriggan defenders (Depths:4)
  3 spectral caustic shrikes (Depths:1)
  22 very ugly things
  A reaper (Depths:4)
  5 draconian stormcallers
  3 orc warlords
  13 stone giants
  A demonspawn corrupter (Zot:1)
  2 vampire knights
  10 black draconians
  26 ironbound preservers
  An apis (Zig:2)
  A draconian annihilator (Zot:1)
  6 ironbound thunderhulks
  The ghost of flt the Fighter, a journeyman OnWn of Beogh (Lair:1)
  10 green draconians
  7 deep elf demonologists
  5 eleionomae
  12 deep elf death magi
  11 dire elephants
  2 lorocyprocas
  13 yellow draconians
  12 red draconians
  8 deep elf annihilators (Elf:3)
  4 bunyips
  6 white draconians
  6 war gargoyles
  A minotaur (Gauntlet)
  12 purple draconians
  Snorg (D:13)
  6 spark wasps
  Azrael (D:15)
  2 blizzard demons
  8 jiangshi
  8 ettins
  Josephine (D:15)
  4 green deaths
  2 entropy weavers
  A mummy priest (Zig:3)
  15 yaktaur captains
  A crystal guardian (Vaults:2)
  9 fire dragons
  An entropy weaver (shapeshifter) (Elf:3)
  A peacekeeper (Vaults:2)
  5 deep elf high priests
  A hell beast (Zot:1)
  3 salamander tyrants
  4 spriggan air magi
  27 vault guards
  Erolcha (Orc:1)
  5 rakshasas
  11 hydras
  A ghost crab (Swamp:4)
  5 ironbound frosthearts
  9 ice dragons
  6 centaur warriors
  10 alligators
  2 ogre magi
  A jorogumo (shapeshifter) (Depths:3)
  A merfolk avatar (Lair:5)
  11 anacondas
  A death knight (D:14)
  35 dancing weapons
  5 two-headed ogres
  2 catoblepae
  2 boulder beetles
  6 tengu warriors
  3 demonic crawlers
  3 vampire magi
  5 deep troll earth magi
  4 deep troll shamans
  2 orc high priests
  4 hell hogs (Depths:2)
  6 spriggan berserkers
  A shock serpent (shapeshifter) (Vaults:5)
  13 naga warriors
  A thrashing horror (Zig:5)
  12 sun demons
  20 naga sharpshooters
  5 shock serpents
  A skyshark (shapeshifter) (Vaults:1)
  14 deep elf knights
  18 hell knights
  2 sixfirhies
  A fire crab (Snake:4)
  3 soul eaters
  5 iron trolls
  4 skysharks
  3 goliath frogs (Swamp:1)
  2 salamander mystics
  4 sea snakes (Snake:4)
  Nergalle (Orc:1)
  A skeletal warrior (D:14)
  3 spriggan druids
  An orb spider (shapeshifter) (Depths:3)
  A bunyip zombie (Swamp:4)
  17 bog bodies
  12 deep elf archers
  A cherub (Zig:2)
  2 deep trolls (shapeshifter) (Vaults:5)
  A swamp dragon (shapeshifter) (Depths:3)
  5 arcanists
  2 flayed ghosts
  4 naga ritualists
  2 bunyip skeletons (Swamp:4)
  3 obsidian statues (Depths:3)
  70 deep trolls
  10 swamp dragons
  19 ironbound convokers
  5 mana vipers
  A death drake (shapeshifter) (Depths:3)
  2 phantasmal warriors
  2 shining eyes (shapeshifter)
  4 shadow demons
  A shadow dragon zombie (Vaults:5)
  An obsidian bat (Orc:1)
  2 steelbarb worms (shapeshifter)
  13 lindwurms
  A harpy (shapeshifter) (D:15)
  8 orc knights
  17 deep elf zephyrmancers
  A lightning spire (Zot:4)
  A wolf spider zombie (D:15)
  A frost giant zombie (Vaults:1)
  13 thermic dynamos
  4 harpies
  A shadow dragon skeleton (Vaults:5)
  5 necromancers
  27 deep elf pyromancers
  A wolf spider (Zig:4)
  41 ugly things
  2 oklob plants (Lair:2)
  A salamander (shapeshifter) (Vaults:5)
  4 cyclopes
  18 moths of wrath
  12 salamanders
  4 will-o-the-wisps
  5 orc sorcerers
  2 manticores
  12 elephants (Lair:5)
  A frost giant skeleton (Vaults:5)
  8 large abominations
  3 guardian serpents (Snake:3)
  19 naga magi
  A centaur zombie (D:15)
  4 rust devils (WizLab)
  2 torpor snails (shapeshifter)
  A water nymph (shapeshifter) (Depths:3)
  A kobold blastminer (Orc:1)
  10 orange demons
  A molten gargoyle (Depths:3)
  33 black mambas
  4 smoke demons
  2 gargoyles
  2 eyes of devastation (shapeshifter) (Depths:3)
  6 cane toads
  2 centaur skeletons (D:15)
  7 rime drakes
  23 vault sentinels
  2 human zombies (Vaults:1)
  Jeremiah (D:9)
  2 hellions
  3 freezing wraiths
  26 yaktaurs
  2 ice devils (Zot:3)
  3 tormentors
  11 komodo dragons
  2 efreet
  A rime drake (shapeshifter) (D:13)
  5 guardian mummies
  An ancient zyme (Zig:5)
  4 tengu conjurers
  2 merfolk (shapeshifter)
  A hellwing (WizLab)
  A queen bee (Lair:2)
  6 trolls
  4 red devils
  10 tyrant leeches
  A wolf spider simulacrum (D:15)
  A bloated husk (Swamp:1)
  3 wind drakes (Depths:3)
  13 hornets
  A polar bear (Lair:1)
  A jumping spider (Zig:4)
  A jumping spider (shapeshifter) (D:12)
  Prince Ribbit (Bailey)
  11 blink frogs
  A snapping turtle (Lair:5)
  8 water elementals
  6 air elementals
  A culicivora (D:15)
  7 shadows
  A culicivora (shapeshifter) (Depths:2)
  18 spriggans
  An ushabti (Zig:3)
  6 wraiths
  3 vampires
  A hog (Elf:1)
  5 wyverns
  34 yaks
  14 fire elementals
  2 humans (Bailey)
  A neqoxec (Depths:4)
  2 steam dragons
  2 redbacks (shapeshifter)
  4 vampire mosquitoes
  A spriggan simulacrum (Swamp:4)
  7 basilisks
  8 wargs
  A chaos spawn (Zig:6)
  5 small abominations
  17 swamp worms
  44 nagas
  9 hell hounds
  24 water moccasins
  33 orc warriors
  5 swamp drakes
  A black bear (D:5)
  5 ice beasts
  An elf simulacrum (Vaults:1)
  A sky beast (D:8)
  2 hornet zombies (Swamp:4)
  10 laughing skulls
  3 ogres
  18 wolves
  5 boggarts
  5 centaurs
  A phantom (D:4)
  A swamp dragon skeleton (Swamp:4)
  3 kobold brigands
  Blork the orc (D:4)
  A weeping skull (Gauntlet)
  19 bullfrogs
  11 earth elementals
  A scorpion (D:3)
  A gnoll sergeant (D:9)
  A glowing shapeshifter simulacrum (Vaults:5)
  10 wights
  A yak zombie (Crypt:1)
  37 killer bees
  4 electric eels
  A howler monkey (D:7)
  2 bombardier beetles
  11 orc priests
  2 gnoll boudas (D:6)
  4 hounds
  An iguana (D:7)
  Terence (D:2)
  23 orc wizards
  4 hell rats (Lair:3)
  Robin (D:2)
  3 mummies
  13 gnolls
  4 adders
  2 river rats (Lair:2)
  2 white imps (D:8)
  2 ufetubi (D:6)
  2 dart slugs
  3 ribbon worms
  81 orcs
  9 ball pythons
  2 bat zombies (D:3)
  10 endoplasms
  4 giant cockroaches (D:1)
  18 goblins
  16 hobgoblins
  8 jackals
  9 quokkas
  11 bats
  4 frilled lizards
  A frilled lizard zombie (D:3)
  30 kobolds
  4 rats
2104 creatures vanquished.

Vanquished Creatures (collateral kills)
  A dread lich (WizLab)
  Saint Roka (Orc:2)
  A sphinx (Vaults:3)
  A storm dragon (Zot:3)
  A balrug (WizLab)
  A deep elf death mage (Vaults:3)
  A hydra (Lair:3)
  A sixfirhy (WizLab)
  A harpy (Lair:5)
  An orc sorcerer (Orc:2)
  2 obsidian bats (Orc:2)
  A naga mage (Snake:1)
  A rust devil (D:10)
  A cane toad (Lair:5)
  2 rime drakes (Lair:5)
  A komodo dragon (Lair:2)
  A red devil (D:10)
  4 blink frogs
  A snapping turtle (Lair:5)
  A yak (Lair:1)
  2 basilisks (Lair:2)
  2 humans (Bailey)
  An acid dragon (D:8)
  3 water moccasins
  5 orc warriors
  2 ice beasts (D:6)
  An ogre (Orc:2)
  A wolf (D:10)
  A bullfrog (Bailey)
  3 kobold brigands (D:8)
  A gnoll sergeant (D:10)
  4 wights (D:8)
  4 killer bees (Lair:2)
  2 orc priests (Orc:2)
  An iguana (D:7)
  A gnoll (D:10)
  An adder (D:4)
  6 orcs
  4 kobolds
70 creatures vanquished.

Vanquished Creatures (others)
  3 formless jellyfish
  A purple draconian (Depths:4)
  A green death (Swamp:4)
  7 great orbs of eyes
  A sun demon (Depths:2)
  3 deep trolls
  2 glowing orange brains (Depths:3)
  An obsidian bat (Orc:2)
  A deep elf pyromancer (Elf:3)
  2 ugly things (Vaults:4)
  A moth of wrath (Vaults:3)
  A meliai (shapeshifter) (D:13)
  A water nymph (shapeshifter) (Depths:3)
  3 vault sentinels
  A smoke demon (D:15)
  A tengu conjurer (Depths:1)
  A glass eye (Depths:2)
  A bloated husk (Swamp:1)
  32 slime creatures
  2 water elementals
  An air elemental (D:12)
  A wyvern (D:11)
  A hog (Elf:1)
  2 vampire mosquitoes (Swamp:1)
  A redback (Vaults:3)
  An orc warrior (Orc:2)
  A swamp drake (Swamp:2)
  3 boggarts
  2 centaurs (D:15)
  An earth elemental (D:12)
  2 wights (D:7)
  A human simulacrum (Vaults:1)
  An orc priest (Orc:2)
  258 jellies
  3 orc wizards (Orc:2)
  2 orcs (Orc:2)
  2 kobolds (D:7)
  17 foxfires
366 creatures vanquished.

Grand Total: 2540 creatures vanquished

Notes
Turn   | Place    | Note
-------+----------+-------------------------------------------
     0 | D:1      | EnegeticOcto the Coglin Ice Elementalist began the quest
                  | for the Orb.
     0 | D:1      | Reached XP level 1. HP: 13/13 MP: 3/3
   192 | D:1      | Reached skill level 2 in Stealth
   227 | D:1      | Reached XP level 2. HP: 19/19 MP: 2/4
   764 | D:1      | Reached skill level 3 in Stealth
   764 | D:1      | Reached XP level 3. HP: 22/24 MP: 1/5
   902 | D:1      | Reached skill level 2 in Spellcasting
   912 | D:1      | Learned a level 3 spell: Frozen Ramparts
  1415 | D:2      | Noticed Robin
  1623 | D:2      | Reached skill level 4 in Ice Magic
  1781 | D:2      | Noticed Terence
  1826 | D:2      | Killed Terence
  1827 | D:2      | Reached XP level 4. HP: 25/30 MP: 0/7
  2298 | D:1      | Learned a level 3 spell: Ozocubu's Armour
  2616 | D:2      | Killed Robin
  3158 | D:2      | Reached XP level 5. HP: 35/35 MP: 0/8
  3520 | D:3      | Reached skill level 5 in Ice Magic
  3955 | D:3      | Identified the +5 ring mail of Absence {Harm MP+9 SInv}
  4148 | D:3      | Found an ancient bone altar of Kikubaaqudgha.
  4424 | D:4      | Reached XP level 6. HP: 41/42 MP: 1/9
  4716 | D:4      | You fall into a shaft and drop 3 floors!
  4818 | D:7      | Reached skill level 1 in Fighting
  4880 | D:7      | Found a flagged portal.
  4886 | D:7      | Reached skill level 1 in Evocations
  5019 | D:7      | Noticed a hornet
  5027 | D:7      | Killed a hornet
  5028 | D:7      | Reached skill level 2 in Fighting
  5028 | D:7      | Reached skill level 3 in Spellcasting
  5028 | D:7      | Reached skill level 6 in Ice Magic
  5028 | D:7      | Reached skill level 3 in Evocations
  5028 | D:7      | Reached XP level 7. HP: 23/51 MP: 3/11
  5129 | Bailey   | Entered a bailey
  5155 | Bailey   | Reached skill level 3 in Fighting
  5299 | Bailey   | Reached skill level 4 in Spellcasting
  5371 | Bailey   | Learned a level 3 spell: Summon Ice Beast
  5458 | Bailey   | Noticed a human
  5458 | Bailey   | Noticed a human
  5469 | Bailey   | Killed a human
  5469 | Bailey   | Killed a human
  5470 | Bailey   | Reached skill level 4 in Fighting
  5470 | Bailey   | Reached skill level 1 in Summonings
  5470 | Bailey   | Reached XP level 8. HP: 50/60 MP: 5/14
  5477 | Bailey   | Reached skill level 2 in Summonings
  5617 | Bailey   | Reached skill level 5 in Fighting
  5617 | Bailey   | Reached skill level 7 in Ice Magic
  6036 | Bailey   | Reached XP level 9. HP: 52/68 MP: 8/15
  6223 | Bailey   | Reached skill level 8 in Ice Magic
  6398 | Bailey   | Noticed Prince Ribbit
  6404 | Bailey   | Killed Prince Ribbit
  6431 | Bailey   | Noticed a vault guard
  6589 | Bailey   | Noticed a vault guard
  6635 | D:7      | Found a broken altar of Ashenzari.
  6935 | D:5      | Entered Level 5 of the Dungeon
  6964 | D:5      | Reached skill level 9 in Ice Magic
  7321 | D:5      | Found a radiant altar of Vehumet.
  7462 | D:4      | Noticed Blork the orc
  7464 | D:4      | Paralysed by an orc for 5 turns
  7467 | D:4      | Killed Blork the orc
  7748 | D:4      | Found a staircase to the Ecumenical Temple.
  7757 | Temple   | Entered the Ecumenical Temple
  8276 | D:5      | Reached skill level 3 in Summonings
  8926 | D:6      | Reached skill level 4 in Evocations
  9169 | D:6      | Reached skill level 6 in Fighting
  9409 | D:6      | Reached skill level 5 in Evocations
  9441 | D:6      | Found a bloodstained altar of Trog.
  9604 | D:7      | Reached skill level 5 in Spellcasting
  9860 | D:7      | Reached XP level 10. HP: 77/77 MP: 17/17
 10298 | D:7      | Reached skill level 6 in Evocations
 10539 | D:7      | Found a snail-covered altar of Cheibriados.
 10541 | D:7      | Found a sparkling altar of Nemelex Xobeh.
 10630 | D:7      | Reached skill level 7 in Fighting
 11309 | D:8      | Reached skill level 7 in Evocations
 11708 | D:8      | Found Pulait's Jewellery Shoppe.
 12032 | D:8      | Reached skill level 8 in Fighting
 12614 | D:8      | Reached skill level 9 in Fighting
 12767 | D:8      | HP: 4/83 [poisoned by a water moccasin]
 13288 | D:9      | Learned a level 4 spell: Sticky Flame
 13405 | D:9      | Noticed a two-headed ogre
 13584 | D:9      | Reached skill level 1 in Alchemy
 13647 | D:9      | Reached skill level 2 in Alchemy
 13785 | D:9      | Found a glowing golden altar of the Shining One.
 13787 | D:9      | Found a sacrificial altar of Ru.
 13792 | D:9      | Found a hide-covered altar of Uskayaw.
 13965 | D:9      | Noticed Jeremiah
 13982 | D:9      | Killed Jeremiah
 13983 | D:9      | Reached skill level 3 in Alchemy
 14061 | D:9      | Reached XP level 11. HP: 74/88 MP: 10/18
 14171 | D:9      | Reached skill level 2 in Dodging
 14549 | D:10     | Entered Level 10 of the Dungeon
 14578 | D:10     | Reached skill level 10 in Fighting
 14607 | D:10     | Reached skill level 4 in Alchemy
 14652 | D:10     | Reached skill level 3 in Dodging
 14877 | D:10     | Reached skill level 5 in Alchemy
 14986 | D:10     | Found a staircase to the Lair.
 15251 | D:10     | Noticed a two-headed ogre
 15357 | Lair:1   | Entered Level 1 of the Lair of Beasts
 15375 | Lair:1   | Reached skill level 4 in Dodging
 15515 | Lair:1   | Reached skill level 6 in Alchemy
 15655 | Lair:1   | Noticed a catoblepas
 15740 | Lair:1   | Found a runed translucent door.
 15747 | Lair:1   | Noticed a spriggan rider
 15748 | Lair:1   | Noticed flt's ghost (journeyman OnWn)
 15748 | Lair:1   | Identified the +2 trident of Freehold {flame, rF+ rC+
                  | Str-3}
 16001 | Lair:1   | Reached skill level 7 in Alchemy
 16299 | Lair:1   | Reached skill level 8 in Alchemy
 16479 | Lair:1   | Reached skill level 1 in Fire Magic
 16491 | Lair:1   | Reached skill level 2 in Fire Magic
 16678 | Lair:1   | Killed a catoblepas
 16833 | Lair:1   | Reached skill level 6 in Spellcasting
 16833 | Lair:1   | Reached skill level 3 in Fire Magic
 17431 | Lair:2   | Reached XP level 12. HP: 97/97 MP: 8/21
 17461 | Lair:2   | Reached skill level 1 in Armour
 17567 | Lair:2   | Found a staircase to the Swamp.
 17567 | Lair:2   | Noticed an eleionoma
 17588 | Lair:2   | Reached skill level 2 in Armour
 17810 | Lair:2   | Reached skill level 3 in Armour
 17810 | Lair:2   | Reached skill level 7 in Spellcasting
 18699 | Lair:2   | Reached skill level 4 in Armour
 19452 | Lair:2   | Reached skill level 8 in Spellcasting
 20125 | Lair:3   | Noticed a four-headed hydra
 20136 | Lair:3   | Killed a four-headed hydra
 20137 | Lair:3   | Reached skill level 4 in Fire Magic
 20137 | Lair:3   | Reached skill level 9 in Alchemy
 20397 | Lair:3   | Reached skill level 10 in Alchemy
 20462 | Lair:3   | Noticed a catoblepas
 20473 | Lair:3   | Killed a catoblepas
 20641 | Lair:3   | Reached XP level 13. HP: 103/103 MP: 15/25
 20698 | Lair:3   | Identified the +3 rapier of the Pillar {holy, rElec Str-2
                  | Dex+5}
 20834 | Lair:3   | Reached skill level 9 in Spellcasting
 21839 | Lair:3   | Found a staircase to the Snake Pit.
 22203 | Lair:4   | Reached skill level 10 in Spellcasting
 22486 | Lair:4   | Reached skill level 1 in Conjurations
 22538 | Lair:4   | Identified the +1 scale mail "Cemeitek" {rC+}
 22680 | Lair:4   | Reached skill level 2 in Conjurations
 23002 | Lair:4   | Reached skill level 3 in Conjurations
 23075 | Lair:4   | You fall into a shaft and drop 1 floor!
 23075 | Lair:5   | Entered Level 5 of the Lair of Beasts
 23108 | Lair:5   | Reached skill level 11 in Alchemy
 23163 | Lair:5   | Identified the serpent talisman of Eternal Vigilance {rElec
                  | rC+ Str+3 Dex+2}
 23260 | Lair:5   | Reached skill level 4 in Conjurations
 23352 | Lair:5   | Reached skill level 5 in Conjurations
 23800 | Lair:4   | Identified a scroll of acquirement
 23801 | Lair:4   | Acquired the scarf of Nampimpip {harm, rElec Will+ MP-9}
 23882 | Lair:5   | Reached skill level 12 in Alchemy
 24122 | Lair:5   | Reached XP level 14. HP: 110/110 MP: 22/28
 24124 | Lair:5   | Acquired a NW-00 neomodule {rPois Will+ Regen+ RegenMP+
                  | rCorr}
 24224 | Lair:5   | Reached skill level 6 in Conjurations
 24569 | Lair:5   | Found a viscous altar of Jiyva.
 24569 | Lair:5   | Found a staircase to the Slime Pits.
 24718 | Lair:5   | Reached skill level 13 in Alchemy
 24729 | Lair:5   | Identified the +1 rapier "Mud Pie of Death" {freeze, ^Drain
                  | Fly Dex-3 SInv}
 24887 | Lair:5   | Became a worshipper of Jiyva Joruraev the Shapeless
 25069 | D:9      | Reached skill level 7 in Conjurations
 25524 | D:11     | Reached * piety under Jiyva
 26040 | D:11     | Reached ** piety under Jiyva
 26068 | D:11     | Identified the +1 robe "Voodu" {Int+5}
 26069 | D:11     | Found a portal to a secret trove of treasure.
 26169 | D:12     | Reached skill level 8 in Conjurations
 26188 | D:12     | Found a large runed translucent door.
 26188 | D:12     | Found a large runed translucent door.
 26284 | D:12     | Found a staircase to the Orcish Mines.
 26519 | D:12     | Reached *** piety under Jiyva
 26588 | D:12     | Found a gate leading to a gauntlet.
 26597 | Gauntlet | Entered a Gauntlet
 26597 | Gauntlet | Found a large runed translucent door.
 26597 | Gauntlet | Found a large runed translucent door.
 26597 | Gauntlet | Found a large runed translucent door.
 26597 | Gauntlet | Found a large runed translucent door.
 26597 | Gauntlet | Found a runed translucent door.
 26597 | Gauntlet | Found a large runed translucent door.
 26597 | Gauntlet | Found a large runed translucent door.
 26597 | Gauntlet | Found a transporter.
 26597 | Gauntlet | Found a transporter.
 26597 | Gauntlet | Found a large runed translucent door.
 26597 | Gauntlet | Found a large runed translucent door.
 26597 | Gauntlet | Found a runed translucent gate.
 26597 | Gauntlet | Found a runed translucent gate.
 26597 | Gauntlet | Gained mutation: Your translucent skin slightly reduces
                  | your foes' accuracy. (Stealth+) [Jiyva's grace]
 26597 | Gauntlet | Gained mutation: Your translucent skin reduces your foes'
                  | accuracy. (Stealth+) [Jiyva's grace]
 26597 | Gauntlet | Gained mutation: Your transparent skin significantly
                  | reduces your foes' accuracy. (Stealth+) [Jiyva's grace]
 26597 | Gauntlet | Gained mutation: You expend magic power (3 MP) to
                  | strengthen your wands. [Jiyva's grace]
 26597 | Gauntlet | Found a transporter.
 26613 | Gauntlet | Found a transporter.
 26617 | Gauntlet | Found a transporter.
 26631 | Gauntlet | Found a transporter.
 26633 | Gauntlet | Found a transporter.
 26641 | Gauntlet | Found a transporter.
 26662 | Gauntlet | Found a transporter.
 26668 | Gauntlet | Found a transporter.
 26687 | Gauntlet | Found a transporter.
 26688 | Gauntlet | Found a runed translucent gate.
 26689 | Gauntlet | Found a large runed translucent door.
 26691 | Gauntlet | Found a runed translucent door.
 26702 | Gauntlet | Found a large runed translucent door.
 26702 | Gauntlet | Found a large runed translucent door.
 26702 | Gauntlet | Found a large runed translucent door.
 26703 | Gauntlet | Found a large runed translucent door.
 26703 | Gauntlet | Found a large runed translucent door.
 26704 | Gauntlet | Found a large runed translucent door.
 26704 | Gauntlet | Found a large runed translucent door.
 26729 | Gauntlet | Found a transporter.
 26854 | Gauntlet | Identified the +2 helmet of the Thistle {rF+}
 26902 | Gauntlet | Identified the +0 hat "Seteoves" {Harm rElec rCorr Slay-5}
 27035 | Gauntlet | Identified the amulet "Qixkeomp" {Acrobat rF+ Int+3}
 27777 | Orc:1    | Entered Level 1 of the Orcish Mines
 27796 | Orc:1    | Reached skill level 9 in Conjurations
 27962 | Orc:1    | Found a roughly hewn altar of Beogh.
 28099 | Orc:2    | Entered Level 2 of the Orcish Mines
 28182 | Orc:2    | Found a roughly hewn altar of Beogh.
 28231 | Orc:2    | Reached skill level 10 in Conjurations
 28248 | Orc:2    | Found a roughly hewn altar of Beogh.
 28313 | Orc:2    | Found a roughly hewn altar of Beogh.
 28314 | Orc:2    | Found Vuunepn's Weapon Boutique.
 28474 | Orc:2    | Reached skill level 5 in Dodging
 28485 | Orc:2    | Noticed Saint Roka
 28531 | Orc:2    | Killed Saint Roka
 28532 | Orc:2    | Reached skill level 8 in Evocations
 28652 | Orc:2    | Noticed an orc warlord
 28658 | Orc:2    | Reached skill level 6 in Dodging
 28663 | Orc:2    | Reached XP level 15. HP: 115/115 MP: 27/29
 28667 | Orc:2    | Killed an orc warlord
 28670 | Orc:2    | Found Lonarag's Antique Weapon Boutique.
 28671 | Orc:2    | Found a roughly hewn altar of Beogh.
 28674 | Orc:2    | Found Waumough's Antique Armour Shop.
 28758 | Orc:2    | Found a roughly hewn altar of Beogh.
 28828 | Orc:2    | Found a roughly hewn altar of Beogh.
 28841 | Orc:2    | Found Usuutuup's Assorted Antiques.
 28849 | Orc:2    | Bought a polished morningstar for 333 gold pieces
 28849 | Orc:2    | Identified the +9 morningstar "Xude" {flame, rC+ rN+ Str-5}
                  | (You bought it in a shop on level 2 of the Orcish Mines)
 28850 | Orc:2    | Bought a crooked smoking staff for 444 gold pieces
 28961 | Orc:2    | Found a staircase to the Elven Halls.
 28977 | Orc:2    | Found a roughly hewn altar of Beogh.
 29005 | Orc:2    | Found a roughly hewn altar of Beogh.
 29009 | Orc:2    | Lost mutation: Your transparent skin significantly reduces
                  | your foes' accuracy. (Stealth+) [Jiyva's grace]
 29009 | Orc:2    | Lost mutation: Your translucent skin reduces your foes'
                  | accuracy. (Stealth+) [Jiyva's grace]
 29009 | Orc:2    | Gained mutation: You are robust. (+10% HP) [Jiyva's grace]
 29009 | Orc:2    | Gained mutation: You are very robust. (+20% HP) [Jiyva's
                  | grace]
 29009 | Orc:2    | Gained mutation: You are extremely robust. (+30% HP)
                  | [Jiyva's grace]
 29009 | Orc:2    | Gained mutation: You have a pair of small antennae on your
                  | head. [Jiyva's grace]
 29025 | Orc:2    | Reached **** piety under Jiyva
 29054 | Orc:2    | Reached skill level 9 in Evocations
 29064 | Orc:2    | Found a roughly hewn altar of Beogh.
 29168 | Orc:1    | Noticed Erolcha
 29174 | Orc:1    | Killed Erolcha
 29175 | Orc:1    | Reached skill level 7 in Dodging
 29177 | Orc:1    | Noticed Nergalle
 29207 | Orc:1    | Killed Nergalle
 29676 | D:13     | Noticed Snorg
 29682 | D:13     | Killed Snorg
 30102 | D:13     | Reached ***** piety under Jiyva
 30213 | D:13     | Learned a level 5 spell: Irradiate
 30219 | D:13     | Learned a level 5 spell: Fireball
 30787 | D:14     | Reached skill level 8 in Dodging
 30897 | D:14     | Noticed Frances
 30914 | D:14     | Killed Frances
 30915 | D:14     | Reached skill level 10 in Evocations
 30975 | D:14     | Lost mutation: You have a pair of small antennae on your
                  | head. [Jiyva's grace]
 30975 | D:14     | Gained mutation: Your melee attacks may engulf your foes in
                  | ooze. [Jiyva's grace]
 30975 | D:14     | Gained mutation: You are covered in slimy tendrils that may
                  | disarm your opponents. [Jiyva's grace]
 30975 | D:14     | Gained mutation: Your body has grown eyes which may confuse
                  | attackers. (Acc +3) [Jiyva's grace]
 30975 | D:14     | Gained mutation: Your body has grown many eyes which may
                  | confuse attackers. (Acc +5) [Jiyva's grace]
 31082 | D:15     | Entered Level 15 of the Dungeon
 31230 | D:15     | Noticed Josephine
 31246 | D:15     | Killed Josephine
 31247 | D:15     | Reached skill level 9 in Dodging
 31291 | D:15     | Found a shimmering blue altar of Sif Muna.
 31334 | D:15     | Noticed Nessos
 31335 | D:15     | Nessos changed into Nessos the culicivora
 31335 | D:15     | Noticed Nessos
 31339 | D:15     | Killed Nessos the culicivora
 31460 | D:15     | Noticed Azrael
 31464 | D:15     | Killed Azrael
 31704 | D:15     | Reached skill level 11 in Evocations
 31708 | D:15     | Reached skill level 14 in Alchemy
 31710 | D:15     | Reached XP level 16. HP: 161/161 MP: 30/30
 31716 | D:15     | Reached skill level 11 in Conjurations
 31782 | D:15     | Found a staircase to the Depths.
 32081 | D:14     | Reached skill level 11 in Fighting
 32155 | D:14     | Found a gate to the Vaults.
 32565 | Lair:1   | Reached skill level 10 in Dodging
 32580 | Lair:1   | Killed flt's ghost
 32951 | Slime:1  | Entered Level 1 of the Pits of Slime
 32956 | Slime:2  | Noticed a rockslime
 32967 | Slime:4  | Noticed a rockslime
 32968 | Slime:4  | Noticed an acid blob
 32968 | Slime:4  | Noticed an azure jelly
 32971 | Slime:4  | Noticed an acid blob
 32977 | Slime:5  | Entered Level 5 of the Pits of Slime
 32987 | Slime:5  | Noticed an acid blob
 32994 | Slime:5  | Noticed an acid blob
 33068 | Slime:5  | Noticed an acid blob
 33073 | Slime:5  | Noticed an acid blob
 33077 | Slime:5  | Found a viscous altar of Jiyva.
 33077 | Slime:5  | Noticed an acid blob
 33080 | Slime:5  | Noticed an acid blob
 33084 | Slime:5  | Noticed an azure jelly
 33119 | Slime:5  | Found the +3 Elemental Staff {ele, rElec rF+ rC+ AC+3}
 33121 | Slime:5  | Noticed the Royal Jelly
 33133 | Slime:5  | Noticed a rockslime
 33155 | Slime:4  | Noticed a rockslime
 33290 | Snake:1  | Entered Level 1 of the Snake Pit
 33513 | Snake:1  | Reached skill level 12 in Evocations
 33940 | Snake:2  | Found Qutreps's Assorted Antiques.
 33942 | Snake:2  | Found Egierij's Antique Armour Emporium.
 33945 | Snake:2  | Found Teufoh's Magic Scroll Shoppe.
 33948 | Snake:2  | Bought a fuming white potion for 28 gold pieces
 33954 | Snake:2  | Bought a scroll of identify for 26 gold pieces
 33967 | Snake:2  | Reached ****** piety under Jiyva
 34184 | Snake:2  | Identified the serpent talisman of the Morning Star
                  | {Stlth+}
 34184 | Snake:2  | Noticed Aizul
 34194 | Snake:2  | Killed Aizul
 34242 | Snake:2  | Reached skill level 15 in Alchemy
 34739 | Slime:2  | Noticed an acid blob
 34811 | Slime:5  | Got a slimy rune of Zot
 34813 | Slime:5  | Got a starry gem with 288 turns to spare
 34816 | Slime:5  | Got the Incunable of the Cemetery and Interference
 34835 | Slime:5  | Identified the +4 scale mail "Anuck" {rF- rC- rN+ Str+7}
 34853 | Slime:5  | Identified the ring of Knowledge {rPois rN+ Will+ Dex+3}
 34854 | Slime:5  | Identified the ring "Nupotov" {rPois Will+ EV+5 Dex+2}
 34856 | Slime:5  | Identified the +9 quarterstaff of Ycintum {freeze, rElec
                  | rN+}
 35141 | Snake:3  | Reached skill level 12 in Fighting
 35202 | Snake:3  | Reached skill level 12 in Conjurations
 35409 | Snake:3  | Lost mutation: You are extremely robust. (+30% HP) [Jiyva's
                  | grace]
 35409 | Snake:3  | Lost mutation: Your body has grown many eyes which may
                  | confuse attackers. (Acc +5) [Jiyva's grace]
 35409 | Snake:3  | Lost mutation: Your melee attacks may engulf your foes in
                  | ooze. [Jiyva's grace]
 35409 | Snake:3  | Gained mutation: Your melee attacks may engulf your foes in
                  | ooze. [Jiyva's grace]
 35409 | Snake:3  | Gained mutation: You are agile. (Dex +4, Str/Int -1)
                  | [Jiyva's grace]
 35409 | Snake:3  | Gained mutation: You are very agile. (Dex +8, Str/Int -2)
                  | [Jiyva's grace]
 35409 | Snake:3  | Gained mutation: You passively map a small area around you.
                  | [Jiyva's grace]
 35521 | Snake:3  | Reached XP level 17. HP: 159/159 MP: 31/31
 35833 | Snake:3  | Reached skill level 5 in Fire Magic
 35902 | Snake:3  | Learned a level 3 spell: Hailstorm
 35908 | Snake:4  | Entered Level 4 of the Snake Pit
 36194 | Snake:4  | Reached skill level 11 in Dodging
 36194 | Snake:4  | Found a white marble altar of Elyvilon.
 36290 | Snake:4  | Found a runed translucent door.
 36295 | Snake:4  | Noticed Papiegg's ghost (adept MiMo)
 36387 | Snake:4  | Reached skill level 13 in Evocations
 36822 | Snake:4  | Reached skill level 6 in Fire Magic
 36853 | Snake:4  | Identified the ring of Wefu Jehubb {rN+++ Will+ Str-5
                  | Dex-4}
 36929 | Snake:4  | Reached skill level 12 in Dodging
 36976 | Snake:4  | Reached skill level 13 in Fighting
 37160 | Snake:4  | Reached skill level 11 in Spellcasting
 37194 | Snake:4  | Got a serpentine rune of Zot
 37478 | Swamp:1  | Entered Level 1 of the Swamp
 37508 | Swamp:1  | Reached skill level 14 in Evocations
 37516 | Swamp:1  | Reached XP level 18. HP: 151/171 MP: 2/33
 37603 | Swamp:1  | Reached skill level 7 in Fire Magic
 37923 | Swamp:1  | Found a runed translucent gate.
 37923 | Swamp:1  | Found a runed translucent gate.
 37923 | Swamp:1  | Found a runed translucent gate.
 37923 | Swamp:1  | Noticed Keot's ghost (journeyman DgEE)
 37923 | Swamp:1  | Noticed Jopt's ghost (journeyman VSBe)
 38086 | Swamp:1  | Gained mutation: Your health recovers twice as slowly from
                  | being drained. [mutagenic glow]
 38554 | Swamp:2  | You fall into a shaft and drop 1 floor!
 38608 | Swamp:3  | Noticed a tentacled monstrosity
 38617 | Swamp:3  | Killed a tentacled monstrosity
 38618 | Swamp:3  | Reached skill level 15 in Evocations
 38709 | Swamp:3  | Lost mutation: You are very agile. (Dex +8, Str/Int -2)
                  | [Jiyva's grace]
 38709 | Swamp:3  | Lost mutation: You expend magic power (3 MP) to strengthen
                  | your wands. [Jiyva's grace]
 38709 | Swamp:3  | Lost mutation: Your melee attacks may engulf your foes in
                  | ooze. [Jiyva's grace]
 38709 | Swamp:3  | Gained mutation: You are partially covered in iridescent
                  | scales. (AC +2) [Jiyva's grace]
 38709 | Swamp:3  | Gained mutation: You are mostly covered in iridescent
                  | scales. (AC +4) [Jiyva's grace]
 38709 | Swamp:3  | Gained mutation: You are completely covered in iridescent
                  | scales. (AC +6) [Jiyva's grace]
 38709 | Swamp:3  | Gained mutation: You are somewhat resistant to further
                  | mutation. [Jiyva's grace]
 38764 | Swamp:2  | Reached skill level 8 in Fire Magic
 39120 | Swamp:3  | Reached skill level 14 in Fighting
 39452 | Swamp:4  | Entered Level 4 of the Swamp
 39478 | Swamp:4  | Noticed Mara
 39746 | Swamp:4  | Killed Mara
 39747 | Swamp:4  | Reached skill level 12 in Spellcasting
 40236 | Swamp:4  | Found an ancient bone altar of Kikubaaqudgha.
 40243 | Swamp:4  | Reached skill level 16 in Evocations
 40251 | Swamp:4  | Got the Incunable of the Grave
 40411 | Swamp:4  | Noticed a tentacled monstrosity
 40412 | Swamp:4  | Reached skill level 15 in Fighting
 40412 | Swamp:4  | Reached XP level 19. HP: 186/186 MP: 4/35
 40414 | Swamp:4  | Killed a tentacled monstrosity
 40533 | Swamp:4  | Got a decaying rune of Zot
 40874 | Elf:1    | Entered Level 1 of the Elven Halls
 41007 | Elf:1    | Paralysed by an air elemental for 1 turns
 41177 | Elf:1    | Reached skill level 16 in Alchemy
 41467 | Elf:1    | Lost mutation: You are somewhat resistant to further
                  | mutation. [Jiyva's grace]
 41467 | Elf:1    | Lost mutation: You are very robust. (+20% HP) [Jiyva's
                  | grace]
 41467 | Elf:1    | Lost mutation: Your health recovers twice as slowly from
                  | being drained. [Jiyva's grace]
 41467 | Elf:1    | Gained mutation: You have hidden genetic potential.
                  | [Jiyva's grace]
 41467 | Elf:1    | Gained mutation: You have great hidden genetic potential.
                  | [Jiyva's grace]
 41467 | Elf:1    | Gained mutation: Your rubbery body absorbs attacks. (AC +1,
                  | EV +1) [Jiyva's grace]
 41467 | Elf:1    | Gained mutation: Your pliable body absorbs attacks. (AC +2,
                  | EV +2) [Jiyva's grace]
 41534 | Elf:1    | Reached skill level 13 in Conjurations
 41591 | Elf:1    | Noticed Kirke
 41600 | Elf:1    | Killed Kirke
 41966 | Elf:2    | Noticed Zenata
 41975 | Elf:2    | Gained mutation: Armour fits poorly on your strangely
                  | shaped body. [a shining eye]
 41979 | Elf:2    | Killed Zenata
 42037 | Elf:2    | Found a magical portal.
 42077 | WizLab   | Entered The Hall of the Hellbinder
 42220 | WizLab   | Noticed a dread lich
 42229 | WizLab   | Killed a dread lich
 42230 | WizLab   | Reached skill level 17 in Alchemy
 42240 | WizLab   | Noticed a hellephant
 42246 | WizLab   | Killed a hellephant
 42325 | WizLab   | Reached skill level 14 in Conjurations
 42342 | WizLab   | Noticed Geryibb
 42370 | WizLab   | Killed Geryibb the Hellbinder
 42470 | WizLab   | Found a burning altar of Makhleb.
 42482 | WizLab   | Identified the ring of Huntaler {Wiz rElec rC+ Dex+2 SInv}
 42500 | WizLab   | Identified the amulet of the Messenger {Spirit rF+ rC+
                  | Dex+2}
 42501 | WizLab   | Identified the amulet of Arrival {Regen+ MP+9 Int+2}
 42503 | WizLab   | Got the Parchment of the Congregation
 42504 | WizLab   | Identified the ring "Ylozox" {rC+ AC+4 Int+5}
 42647 | Elf:2    | Reached XP level 20. HP: 178/178 MP: 34/36
 42680 | Elf:2    | Found Painnur's Assorted Antiques.
 42688 | Elf:2    | Bought a scroll of teleportation for 72 gold pieces
 42688 | Elf:2    | Bought a scroll of identify for 48 gold pieces
 42710 | Elf:2    | Lost mutation: You are completely covered in iridescent
                  | scales. (AC +6) [Jiyva's grace]
 42710 | Elf:2    | Lost mutation: Your translucent skin slightly reduces your
                  | foes' accuracy. (Stealth+) [Jiyva's grace]
 42710 | Elf:2    | Lost mutation: You have great hidden genetic potential.
                  | [Jiyva's grace]
 42710 | Elf:2    | Gained mutation: Your system is resistant to poisons.
                  | (rPois) [Jiyva's grace]
 42710 | Elf:2    | Gained mutation: You have great hidden genetic potential.
                  | [Jiyva's grace]
 42710 | Elf:2    | Gained mutation: You have a pair of small horns on your
                  | head. [Jiyva's grace]
 42710 | Elf:2    | Gained mutation: You have a pair of horns on your head.
                  | [Jiyva's grace]
 42867 | Elf:2    | Found a runed translucent gate.
 42867 | Elf:2    | Found a runed translucent gate.
 42867 | Elf:2    | Found a runed translucent gate.
 42933 | Elf:3    | Entered Level 3 of the Elven Halls
 42946 | Elf:3    | Learned a level 7 spell: Orb of Destruction
 42955 | Elf:3    | Learned a level 8 spell: Fulsome Fusillade
 43202 | Elf:3    | Reached skill level 18 in Alchemy
 43266 | Elf:3    | Gained mutation: You are very agile. (Dex +8, Str/Int -2)
                  | [hidden potential]
 43527 | Elf:3    | Reached skill level 15 in Conjurations
 43678 | Elf:3    | Identified the +5 mace "Isugior" {distort, rCorr Int+4}
 43678 | Elf:3    | Identified the +0 leather armour "Guepsov" {Str+3}
 43709 | Elf:3    | Reached skill level 19 in Alchemy
 43711 | Elf:3    | Identified the +0 ring mail "Badiyq" {rC+ Regen+ SInv}
 43723 | Elf:3    | Identified the +3 sling of the Maze {flame, Will+}
 43727 | Elf:3    | Got the Papyrus of Intoxication
 43741 | Elf:3    | Got the Almanac of the Fairies
 43749 | Elf:3    | Got the Quarto of Evil Fumes
 43758 | Elf:3    | Identified the staff of the Singing Soothsayer {rElec rPois
                  | Air}
 43796 | Elf:3    | Learned a level 4 spell: Ignite Poison
 43801 | Elf:3    | Learned a level 4 spell: Olgreb's Toxic Radiance
 43850 | Elf:3    | Identified the +4 orcbow of Faemp {heavy, rF+ Will- Str+2}
 44092 | Elf:3    | Learned a level 6 spell: Starburst
 44535 | Vaults:1 | Entered Level 1 of the Vaults
 44811 | Vaults:1 | Identified the +3 leather armour of Qazlal's Condemnation
                  | {rF+}
 45067 | Vaults:1 | Lost mutation: You are mostly covered in iridescent scales.
                  | (AC +4) [Jiyva's grace]
 45067 | Vaults:1 | Lost mutation: You are partially covered in iridescent
                  | scales. (AC +2) [Jiyva's grace]
 45067 | Vaults:1 | Lost mutation: Your body has grown eyes which may confuse
                  | attackers. (Acc +3) [Jiyva's grace]
 45067 | Vaults:1 | Lost mutation: Your pliable body absorbs attacks. (AC +2,
                  | EV +2) [Jiyva's grace]
 45067 | Vaults:1 | Lost mutation: You have great hidden genetic potential.
                  | [Jiyva's grace]
 45067 | Vaults:1 | Lost mutation: You are covered in slimy tendrils that may
                  | disarm your opponents. [Jiyva's grace]
 45067 | Vaults:1 | Gained mutation: You are very robust. (+20% HP) [Jiyva's
                  | grace]
 45067 | Vaults:1 | Gained mutation: You are extremely robust. (+30% HP)
                  | [Jiyva's grace]
 45067 | Vaults:1 | Gained mutation: You have supernaturally acute eyesight.
                  | (SInv) [Jiyva's grace]
 45067 | Vaults:1 | Gained mutation: You have acidic saliva. [Jiyva's grace]
 45169 | Vaults:1 | Reached XP level 21. HP: 219/219 MP: 31/37
 45533 | Vaults:1 | Reached skill level 16 in Fighting
 45744 | Vaults:2 | Gained mutation: Your mind is acute. (Int +4, Str/Dex -1)
                  | [hidden potential]
 45744 | Vaults:2 | Lost mutation: You have hidden genetic potential. [hidden
                  | potential expressed]
 45801 | Vaults:2 | Reached skill level 13 in Spellcasting
 45900 | Vaults:2 | Reached skill level 16 in Conjurations
 45936 | Vaults:2 | Found a staircase to the Crypt.
 45936 | Vaults:2 | Found an ancient bone altar of Kikubaaqudgha.
 45937 | Vaults:2 | Found a basalt altar of Yredelemnul.
 45972 | Vaults:2 | Identified the +3 falchion "Ufenontu" {drain, rPois Int-4
                  | SInv Stlth+}
 46951 | Vaults:3 | Noticed Mennas
 46960 | Vaults:3 | Killed Mennas
 46989 | Vaults:3 | Reached skill level 17 in Fighting
 46991 | Vaults:3 | Reached XP level 22. HP: 235/235 MP: 4/39
 46995 | Vaults:3 | Noticed Margery
 46999 | Vaults:3 | Killed Margery
 47113 | Vaults:3 | Lost mutation: You are very agile. (Dex +8, Str/Int -2)
                  | [Jiyva's grace]
 47113 | Vaults:3 | Lost mutation: You are agile. (Dex +4, Str/Int -1) [Jiyva's
                  | grace]
 47113 | Vaults:3 | Lost mutation: Your mind is acute. (Int +4, Str/Dex -1)
                  | [Jiyva's grace]
 47113 | Vaults:3 | Gained mutation: You have a pair of large horns on your
                  | head. [Jiyva's grace]
 47113 | Vaults:3 | Gained mutation: You are partially covered in iridescent
                  | scales. (AC +2) [Jiyva's grace]
 47113 | Vaults:3 | Gained mutation: You are mostly covered in iridescent
                  | scales. (AC +4) [Jiyva's grace]
 47113 | Vaults:3 | Gained mutation: You are completely covered in iridescent
                  | scales. (AC +6) [Jiyva's grace]
 47177 | Vaults:3 | Reached skill level 14 in Spellcasting
 47284 | Vaults:3 | Acquired the +2 pair of slick slippers {slick, slippery,
                  | EV+4}
 47284 | Vaults:3 | Found the +2 pair of slick slippers {slick, slippery, EV+4}
 47609 | Vaults:3 | Noticed Nikola
 47616 | Vaults:3 | Killed Nikola
 47617 | Vaults:3 | Reached skill level 17 in Conjurations
 48026 | Vaults:4 | Found Owid's Weapon Shop.
 48670 | Vaults:4 | Lost mutation: You have a pair of large horns on your head.
                  | [Jiyva's grace]
 48670 | Vaults:4 | Lost mutation: You are completely covered in iridescent
                  | scales. (AC +6) [Jiyva's grace]
 48670 | Vaults:4 | Lost mutation: You have supernaturally acute eyesight.
                  | (SInv) [Jiyva's grace]
 48670 | Vaults:4 | Lost mutation: You are extremely robust. (+30% HP) [Jiyva's
                  | grace]
 48670 | Vaults:4 | Lost mutation: You have acidic saliva. [Jiyva's grace]
 48670 | Vaults:4 | Gained mutation: You passively dampen the noise of your
                  | surroundings. [Jiyva's grace]
 48670 | Vaults:4 | Gained mutation: You have a pair of large horns on your
                  | head. [Jiyva's grace]
 48670 | Vaults:4 | Gained mutation: You are extremely robust. (+30% HP)
                  | [Jiyva's grace]
 48670 | Vaults:4 | Gained mutation: You are agile. (Dex +4, Str/Int -1)
                  | [Jiyva's grace]
 49569 | Depths:1 | Entered Level 1 of the Depths
 49731 | Depths:1 | Found a gateway to Hell.
 49767 | Depths:1 | Reached skill level 18 in Fighting
 49844 | Depths:1 | Found a runed translucent gate.
 49844 | Depths:1 | Found a runed translucent gate.
 49844 | Depths:1 | Found a runed translucent gate.
 49846 | Depths:1 | Found an ancient bone altar of Kikubaaqudgha.
 49847 | Depths:1 | Noticed a dread lich
 49847 | Depths:1 | Noticed a dread lich
 49848 | Depths:1 | Noticed Echeifod's ghost (adept DECj)
 49849 | Depths:1 | Noticed mojasp's ghost (adept DsGl)
 49877 | Depths:1 | Reached skill level 1 in Invocations
 49928 | Depths:1 | Found a one-way gateway to a ziggurat.
 50127 | Depths:1 | Reached skill level 2 in Invocations
 50230 | Depths:1 | Found a sparkling altar of Nemelex Xobeh.
 50600 | Depths:2 | Lost mutation: You have a pair of large horns on your head.
                  | [Jiyva's grace]
 50600 | Depths:2 | Lost mutation: You are extremely robust. (+30% HP) [Jiyva's
                  | grace]
 50600 | Depths:2 | Lost mutation: You are very robust. (+20% HP) [Jiyva's
                  | grace]
 50600 | Depths:2 | Gained mutation: You are covered in slimy tendrils that may
                  | disarm your opponents. [Jiyva's grace]
 50600 | Depths:2 | Gained mutation: You have supernaturally acute eyesight.
                  | (SInv) [Jiyva's grace]
 50600 | Depths:2 | Gained mutation: You are completely covered in iridescent
                  | scales. (AC +6) [Jiyva's grace]
 50600 | Depths:2 | Gained mutation: Your movements are slightly less
                  | encumbered by armour. (ER -2) [Jiyva's grace]
 50675 | Depths:2 | Found Baerib's Book Shop.
 50676 | Depths:2 | Found Vausai Hoip's Jewellery Shoppe.
 50676 | Depths:2 | Found Haezinos's Jewellery Shoppe.
 50711 | Depths:2 | Reached skill level 15 in Spellcasting
 50711 | Depths:2 | Reached XP level 23. HP: 203/209 MP: 36/42
 50764 | Depths:2 | Reached skill level 3 in Invocations
 50997 | Depths:2 | Noticed a golden dragon
 51003 | Depths:2 | Killed a golden dragon
 51004 | Depths:2 | Reached skill level 4 in Invocations
 51063 | Depths:2 | Got the Disquisition on Tectonic Hyperthermia
 51066 | Depths:2 | Identified the +4 ring mail of the Goldsmith {*Slow rPois
                  | rCorr SInv}
 51320 | Depths:2 | Found a runed translucent door.
 51320 | Depths:2 | Noticed Xieb Yco's ghost (veteran DjFE)
 51320 | Depths:2 | Found the +7 great mace "Firestarter" {flame, immolate,
                  | rFlCloud rF++}
 51417 | Depths:2 | Found a one-way gate leading to the halls of Pandemonium.
 51921 | Depths:3 | Reached skill level 20 in Alchemy
 51922 | Depths:3 | Reached skill level 5 in Invocations
 52039 | Depths:3 | Reached skill level 6 in Invocations
 52190 | Depths:3 | Identified the staff of Ilos {rPois rN+ Stlth+ Earth}
 52238 | Depths:3 | Found a one-way gate to the infinite horrors of the Abyss.
 52244 | Depths:3 | Reached skill level 16 in Spellcasting
 52625 | Depths:4 | Entered Level 4 of the Depths
 52635 | Depths:4 | Noticed a golden dragon
 52792 | Depths:4 | Noticed a golden dragon
 52880 | Depths:4 | Noticed a caustic shrike
 52882 | Depths:4 | Noticed a caustic shrike
 52882 | Depths:4 | Noticed a caustic shrike
 52884 | Depths:4 | Noticed a caustic shrike
 52885 | Depths:4 | Killed a caustic shrike
 52886 | Depths:4 | Reached skill level 7 in Invocations
 52887 | Depths:4 | Killed a caustic shrike
 52887 | Depths:4 | Killed a caustic shrike
 52887 | Depths:4 | Killed a caustic shrike
 53149 | Depths:4 | Lost mutation: You have supernaturally acute eyesight.
                  | (SInv) [Jiyva's grace]
 53149 | Depths:4 | Lost mutation: Armour fits poorly on your strangely shaped
                  | body. [Jiyva's grace]
 53149 | Depths:4 | Lost mutation: You passively dampen the noise of your
                  | surroundings. [Jiyva's grace]
 53149 | Depths:4 | Gained mutation: You have a small jelly attached to you
                  | that senses nearby items. [Jiyva's grace]
 53149 | Depths:4 | Gained mutation: You have acidic saliva. [Jiyva's grace]
 53149 | Depths:4 | Gained mutation: Armour fits poorly on your pseudopods.
                  | [Jiyva's grace]
 53149 | Depths:4 | Gained mutation: Armour fits poorly on your large
                  | pseudopods. [Jiyva's grace]
 53216 | Depths:4 | Reached XP level 24. HP: 209/216 MP: 31/43
 53353 | Depths:4 | Reached skill level 18 in Conjurations
 53451 | Depths:4 | Reached skill level 8 in Invocations
 53472 | Depths:4 | Noticed a caustic shrike
 53483 | Depths:4 | Killed a caustic shrike
 53533 | Depths:4 | Found a runed translucent door.
 53537 | Depths:4 | Found a runed translucent door.
 53581 | Depths:4 | Found a runed translucent door.
 53581 | Depths:4 | Found a runed translucent door.
 53629 | Depths:4 | Found a runed translucent door.
 53636 | Depths:4 | Found a runed translucent door.
 53703 | Depths:4 | Found a gate to the Realm of Zot.
 54245 | Zot:1    | Entered Level 1 of the Realm of Zot
 54291 | Zot:1    | Reached skill level 17 in Spellcasting
 54291 | Zot:1    | Reached skill level 9 in Invocations
 54551 | Zot:1    | Learned a level 5 spell: Yara's Violent Unravelling
 54555 | Zot:1    | Learned a level 3 spell: Passwall
 54562 | Zot:1    | Learned a level 6 spell: Bombard
 55045 | Zot:1    | Reached skill level 10 in Invocations
 55234 | Zot:1    | Lost mutation: You are completely covered in iridescent
                  | scales. (AC +6) [Jiyva's grace]
 55234 | Zot:1    | Lost mutation: You passively map a small area around you.
                  | [Jiyva's grace]
 55234 | Zot:1    | Lost mutation: Your system is resistant to poisons. (rPois)
                  | [Jiyva's grace]
 55234 | Zot:1    | Lost mutation: You are robust. (+10% HP) [Jiyva's grace]
 55234 | Zot:1    | Lost mutation: Armour fits poorly on your large pseudopods.
                  | [Jiyva's grace]
 55234 | Zot:1    | Lost mutation: You have a small jelly attached to you that
                  | senses nearby items. [Jiyva's grace]
 55234 | Zot:1    | Gained mutation: You have a small jelly attached to you
                  | that may absorb projectiles. [Jiyva's grace]
 55234 | Zot:1    | Gained mutation: Armour fits poorly on your large
                  | pseudopods. [Jiyva's grace]
 55234 | Zot:1    | Gained mutation: Armour fits poorly on your massive
                  | pseudopods. [Jiyva's grace]
 55234 | Zot:1    | Gained mutation: Your spells are a little harder to cast,
                  | but a little more powerful. [Jiyva's grace]
 55571 | Zot:2    | Lost mutation: You are agile. (Dex +4, Str/Int -1)
                  | [mutagenic glow]
 56062 | Zot:3    | Found a runed translucent gate.
 56063 | Zot:3    | Found a runed translucent gate.
 56064 | Zot:3    | Found a runed translucent gate.
 56065 | Zot:3    | Noticed Qebu's ghost (legendary GrFi)
 56066 | Zot:3    | Noticed a Killer Klown
 56067 | Zot:3    | Noticed a curse toe
 56080 | Zot:3    | Noticed a curse toe
 56090 | Zot:3    | Killed a curse toe
 56423 | Zot:3    | Noticed Grunn
 56426 | Zot:3    | Reached XP level 25. HP: 202/204 MP: 35/44
 56426 | Zot:3    | Killed Grunn
 56437 | Zot:3    | Reached skill level 11 in Invocations
 56438 | Zot:3    | Reached skill level 18 in Spellcasting
 56859 | Zot:3    | Lost mutation: You are mostly covered in iridescent scales.
                  | (AC +4) [Jiyva's grace]
 56859 | Zot:3    | Lost mutation: Your spells are a little harder to cast, but
                  | a little more powerful. [Jiyva's grace]
 56859 | Zot:3    | Lost mutation: Armour fits poorly on your massive
                  | pseudopods. [Jiyva's grace]
 56859 | Zot:3    | Lost mutation: You have a small jelly attached to you that
                  | may absorb projectiles. [Jiyva's grace]
 56859 | Zot:3    | Gained mutation: You are strong-willed. (Will+) [Jiyva's
                  | grace]
 56859 | Zot:3    | Gained mutation: You are highly strong-willed. (Will++)
                  | [Jiyva's grace]
 56859 | Zot:3    | Gained mutation: You are extremely strong-willed. (Will+++)
                  | [Jiyva's grace]
 56859 | Zot:3    | Gained mutation: Your spells are a little harder to cast,
                  | but a little more powerful. [Jiyva's grace]
 56912 | Zot:4    | Identified the +1 cloak "Xygebbil" {Int+2 Dex+4 Stlth+}
 56914 | Zot:4    | Noticed Calu's ghost (legendary KoHu)
 56922 | Zot:4    | Reached skill level 12 in Invocations
 56951 | Zot:4    | Found a transporter.
 57052 | Zot:4    | Reached skill level 13 in Invocations
 57345 | Zot:4    | Found a bloodstained altar of Trog.
 57347 | Zot:4    | Identified the +1 cloak of the Morning Star {Int+4 SInv}
 57356 | Zot:4    | Identified the +0 cloak of Deleraida {Rampage rElec rC-
                  | Slay+5}
 57357 | Zot:4    | Found a transporter.
 57699 | Zot:4    | Reached skill level 14 in Invocations
 58359 | Vaults:5 | Entered Level 5 of the Vaults
 58394 | Vaults:5 | Reached skill level 15 in Invocations
 58536 | Vaults:5 | Reached XP level 26. HP: 211/211 MP: 23/45
 58688 | Vaults:5 | Identified the ring of Nifoceed {rPois rF+ AC+4}
 58698 | Vaults:5 | Reached skill level 16 in Invocations
 58830 | Vaults:5 | Got a silver rune of Zot
 58928 | Vaults:5 | Got the Cyclopedia of the Cloudy Yliaster
 58942 | Vaults:5 | Found the +7 captain's cutlass {speed, disarm}
 58952 | Vaults:5 | Identified the staff of Dissolution {rF+ Will+ rCorr Dex+2
                  | Fire}
 58990 | Vaults:5 | Identified the +5 spear of Demonkind {freeze, *Slow Will++
                  | MP+9 Dex+2}
 59039 | Vaults:5 | Identified the ring "Fuosefus" {^Contam rC+++ rN+ Will+
                  | EV+5}
 59336 | Vaults:5 | Noticed a dread lich
 59339 | Vaults:5 | Killed a dread lich
 59340 | Vaults:5 | Reached skill level 17 in Invocations
 59351 | Vaults:5 | Identified the +3 robe of the Endless Bones {rN++}
 59402 | Vaults:5 | Identified the +4 chain mail "Molerr" {Str+2 SInv}
 59949 | Crypt:1  | Entered Level 1 of the Crypt
 60317 | Zig:1    | Entered Level 1 of a ziggurat
 60317 | Zig:1    | Lost mutation: Your spells are a little harder to cast, but
                  | a little more powerful. [Jiyva's grace]
 60317 | Zig:1    | Lost mutation: Armour fits poorly on your large pseudopods.
                  | [Jiyva's grace]
 60317 | Zig:1    | Lost mutation: Your movements are slightly less encumbered
                  | by armour. (ER -2) [Jiyva's grace]
 60317 | Zig:1    | Gained mutation: You have a small jelly attached to you
                  | that may absorb projectiles. [Jiyva's grace]
 60317 | Zig:1    | Gained mutation: You possess an exceptional clarity of
                  | mind. [Jiyva's grace]
 60317 | Zig:1    | Gained mutation: You have supernaturally acute eyesight.
                  | (SInv) [Jiyva's grace]
 60317 | Zig:1    | Gained mutation: Your melee attacks may engulf your foes in
                  | ooze. [Jiyva's grace]
 60341 | Zig:2    | Entered Level 2 of a ziggurat
 60357 | Zig:2    | Identified the +8 battleaxe "Gaukhaah" {elec, rPois Str+4}
 60370 | Zig:3    | Entered Level 3 of a ziggurat
 60394 | Zig:4    | Entered Level 4 of a ziggurat
 60516 | Zig:5    | Entered Level 5 of a ziggurat
 60537 | Zig:6    | Entered Level 6 of a ziggurat
 60541 | Zig:6    | Noticed a Killer Klown
 60543 | Zig:6    | Noticed a Killer Klown
 60547 | Zig:6    | Reached skill level 18 in Invocations
 60549 | Zig:6    | Killed a Killer Klown
 60550 | Zig:6    | Killed a Killer Klown
 60560 | Zig:6    | Identified the +0 plate armour of Relativism {Regen+ rCorr
                  | Str-2 Dex-2}
 60565 | Zig:6    | Reached XP level 27. HP: 217/217 MP: 30/45
 60743 | Zot:5    | Entered Level 5 of the Realm of Zot
 60971 | Zot:5    | Found a huge runed translucent gate.
 60972 | Zot:5    | Found a huge runed translucent gate.
 60972 | Zot:5    | Found a huge runed translucent gate.
 60973 | Zot:5    | Found a huge runed translucent gate.
 60973 | Zot:5    | Found a huge runed translucent gate.
 60974 | Zot:5    | Found a huge runed translucent gate.
 60974 | Zot:5    | Found a huge runed translucent gate.
 60974 | Zot:5    | Found a huge runed translucent gate.
 60974 | Zot:5    | Found a huge runed translucent gate.
 60974 | Zot:5    | Found a huge runed translucent gate.
 60975 | Zot:5    | Found a huge runed translucent gate.
 60976 | Zot:5    | Found a huge runed translucent gate.
 60977 | Zot:5    | Found a huge runed translucent gate.
 60980 | Zot:5    | Found a huge runed translucent gate.
 60980 | Zot:5    | Found a huge runed translucent gate.
 60981 | Zot:5    | Found a huge runed translucent gate.
 60981 | Zot:5    | Found a huge runed translucent gate.
 60987 | Zot:5    | Found a huge runed translucent gate.
 60987 | Zot:5    | Found a huge runed translucent gate.
 61004 | Zot:5    | Noticed an orb of fire
 61005 | Zot:5    | Lost mutation: You possess an exceptional clarity of mind.
                  | [an orb of fire]
 61018 | Zot:5    | Got the Orb of Zot
 61023 | Zot:5    | Lost mutation: You have supernaturally acute eyesight.
                  | (SInv) [mutagenic glow]
 61044 | Zot:5    | Gained mutation: You are dopey. (Int -2) [mutagenic glow]
 61053 | Zot:4    | Gained mutation: You occasionally lose the ability to drink
                  | potions when taking damage. [mutagenic glow]
 61101 | Zot:4    | Reached skill level 19 in Invocations
 61243 | Zot:4    | Noticed a seraph
 61249 | Zot:3    | Killed a seraph
 61294 | Zot:3    | Learned a level 3 spell: Frozen Ramparts
 61501 | Zot:1    | Noticed Mamunusk the pandemonium lord
 61507 | Zot:1    | Killed Mamunusk the pandemonium lord
 61520 | Zot:1    | Noticed a seraph
 62488 | Depths:2 | Reached skill level 20 in Invocations
 62594 | D:15     | Gained mutation: You sometimes lose the ability to drink
                  | potions when taking damage. [a cacodemon]
 62616 | D:15     | Noticed Puiceumn the pandemonium lord
 62624 | D:15     | Killed Puiceumn the pandemonium lord
 62887 | D:6      | Noticed Eliom the pandemonium lord
 63025 | D:$      | Escaped with the Orb!

Illustrated notes

Levels and vault maps discovered:
D:1:      lightli_arrival_quake, layout_loops_ring,
          nicolae_concentric_dashed_squares_mild, chequers_serial_rivers_room_b
D:2:      layout_basic, uniq_terence, uniq_robin
D:3:      layout_basic, lemuel_zombie_altar_kikubaaqudgha
D:4:      layout_loops_ring, minmay_temple_entry_grid, hangedman_decor_push,
          uniq_blork_the_orc
D:5:      layout_loops_ring, vehumet_altar_wand_db
D:6:      layout_basic, overflow_temple_1_default,
          chequers_serial_rivers_small_b
D:7:      layout_layer_cave, nicolae_overflow_hidden_temple, enter_bailey_3,
          lemuel_flamethrower_2
D:8:      minmay_polygon_palace, layout_loops_ring, serial_shops, shop,
          kennysheep_flooded_box
D:9:      layout_basic, minmay_overflow_temple_star_quad, st_stairs_7,
          kennysheep_nub, hex_tiny, uniq_jeremiah
D:10:     layout_basic, hellmonk_lair_entry_icy, serial_demonic,
          serial_demonic_a, serial_demonic_g, serial_demonic_g,
          serial_demonic_g, st_stairs_8
D:11:     layout_roguey, trove_entry_hex_spiral
D:12:     layout_loops_corners, orc_0_dummy, gauntlet_entry_generic,
          hangedman_decor_diamond_cutter, lightli_elemental_guards
D:13:     layout_grid_maze, uniq_snorg
D:14:     layout_basic, david_vaults_2, kennysheep_boxes, uniq_frances
D:15:     grunt_enter_depths_magical_seal, layout_basic,
          nicolae_sif_muna_condensation, hex_intersection, uniq_josephine,
          uniq_azrael, uniq_nessos
Temple:   dshaligram_water_room_temple
Lair:1:   layout_cave_pods, ebering_ghost_funeral_grove
Lair:2:   regret_index_harrowing_hell_hive, layout_cave_pods,
          alex1729_swamp_entry_worm_eleionoma, lemuel_fruit_fields
Lair:3:   layout_regular_city, alex1729_snake_entry_snake
Lair:4:   layout_roguey, infiniplex_staircase_pool_2, grunt_megastairs_2
Lair:5:   gammafunk_lair_ancient_temple, layout_big_grid, slime_entry_1
Swamp:1:  layout_falls_marsh, gammafunk_ghost_cemetery,
          evilmike_swamp_ruin_rubble_1
Swamp:2:  layout_falls_marsh, serial_swamp_ruin, evilmike_swamp_ruin_house_3,
          evilmike_swamp_ruin_house_2, swamp_pool_5, hangedman_swamp_ravenous
Swamp:3:  layout_falls_marsh, nicolae_swamp_little_tower,
          nicolae_swamp_long_stream
Swamp:4:  swamp_vile, layout_basic_swamp, swamp_pool_1_2, beargit_kiku_chapel,
          infiniplex_staircase_pool, uniq_mara
Snake:1:  layout_misc_corridors
Snake:2:  layout_onion, minmay_shop_star, uniq_aizul
Snake:3:  layout_grid_shapes, hangedman_snake_corridor_split
Snake:4:  snake_pit, layout_basic, ebering_ghost_inner_flame, basic_altar,
          serial_bayou, serial_bayou_pond_d, serial_bayou_crossing,
          serial_bayou_shore_a, serial_bayou_shore_b
Slime:1:  layout_caves
Slime:2:  layout_caves, cheibrodos_slime_lost_civilization_6
Slime:3:  layout_caves
Slime:4:  layout_caves
Slime:5:  slime_pit_nicolae_trefoil, uniq_dissolution
Orc:1:    layout_caves, lightli_church_of_beogh, uniq_erolcha, uniq_nergalle
Orc:2:    grunt_orc_community_town_hall, layout_diamond_mine,
          grunt_orc_community_big_house_1, grunt_orc_community_big_house_1,
          grunt_orc_community_house_1, grunt_orc_community_house_3,
          grunt_orc_community_house_1, grunt_orc_community_house_1,
          grunt_orc_community_house_3, basic_altar, uniq_saint_roka
Elf:1:    minmay_the_grid_plus [minmay_the_grid_aliased_spiral,
          minmay_the_grid_outer_circle, minmay_the_grid_broken_lines,
          minmay_the_grid_box_x, minmay_the_grid_prize_shrinking_boxes],
          layout_gridlike, guppyfry_library_mini, uniq_kirke
Elf:2:    nicolae_elf_blades_splatter_lattice
          [nicolae_blade_entry_floor_patterns], layout_geoelf_diagonals,
          serial_shops, nicolae_shop_tiny_real_fake_doors, mu_enter_wizlab_2,
          uniq_zenata, uniq_agnes
Elf:3:    minmay_elf_hall_circle, layout_onion_city
Vaults:1: nicolae_vaults_lopsided_apartments, nicolae_vaults_closet_pinwheel_3,
          vaults_standard_mumra_lines, nicolae_vaults_disjoint_gnomons,
          nicolae_vaults_alarming, nicolae_vaults_heart-shaped_vault,
          nicolae_vaults_wrenched, nicolae_vaults_little_squares_1,
          vaults_room_pools, layout_vaults_omnibox
Vaults:2: nicolae_vaults_closet_pinwheel_5, minmay_crypt_entry_necro_gods,
          nicolae_vaults_gold_heap, nicolae_vaults_trapezoid_4,
          grunt_vaults_funnel, vaults_mumra_lcd, nicolae_vaults_network_square,
          nicolae_vaults_enemy_cabinets, nicolae_vaults_specimen_jars,
          nicolae_vaults_closet_pinwheel_3, nicolae_vaults_back_hallway,
          hangedman_vaults_capsules, v_pattern_3, layout_vaults_maze_snakey
Vaults:3: nicolae_vaults_surprise_closet_hard, v_rooms_4,
          ontoclasm_vaults_claustrophobia, ontoclasm_vaults_fault,
          grunt_vaults_hallway_long, hangedman_vaults_variations, serial_ice_g,
          vaults_room_stairs_pillars, vaults_room_corners,
          nicolae_vaults_wine_cellar, layout_vaults_quadrants, uniq_nikola,
          uniq_margery, uniq_mennas
Vaults:4: dpeg_vaults_monster_row, nicolae_vaults_trapezoid_layered,
          nicolae_vaults_house_3, hangedman_vaults_slice,
          nicolae_vaults_network_periphery, ontoclasm_vaults_ring_small,
          v_misc_10, nicolae_vaults_double_plus_1, vaults_room_pools,
          nicolae_vaults_mini_display_case, layout_vaults_chaotic_city,
          serial_shops, nicolae_shop_crystal
Vaults:5
Crypt:1:  layout_misc_corridors, grunt_megastairs_1
Depths:1: layout_cave_pools, enter_ziggurat_f, hangedman_glass_teeth,
          gammafunk_ghost_crypt, pf_hell_entry_tar_river, grunt_ministairs_10,
          nemelex_spade_bored_becter
Depths:2: minmay_open_boxes_in_corner, layout_gridlike, rand_demon_pan_entry_4,
          grunt_hell_horde, gammafunk_ghost_grave, minmay_shop_grove
Depths:3: radiant_caverns_b_rkd, hell_entry, abyss_entry
Depths:4: evilmike_zot_entry_castle, layout_basic, grunt_hell_entry_dis_grunt,
          lemuel_statue_altar, nrook_loot_triangle, minmay_misc_feat_pillars,
          nicolae_letterblocks [nicolae_letter_subblock,
          nicolae_letter_subblock, nicolae_letter_subblock,
          nicolae_letter_subblock, nicolae_letter_subblock,
          nicolae_letter_subblock, nicolae_letter_subblock,
          nicolae_letter_subblock, nicolae_letter_subblock,
          nicolae_letter_subblock, nicolae_letter_subblock,
          nicolae_letter_subblock, nicolae_letter_subblock,
          nicolae_letter_subblock, nicolae_letter_subblock,
          nicolae_letter_subblock, nicolae_letter_subblock,
          nicolae_letter_subblock, nicolae_letter_subblock,
          nicolae_letter_subblock, nicolae_letter_subblock,
          nicolae_letter_subblock, nicolae_letter_subblock,
          nicolae_letter_subblock, nicolae_letter_subblock]
Zot:1:    layout_gridlike
Zot:2:    layout_basic, st_stairs_7
Zot:3:    layout_basic, gammafunk_ghost_tricky_traps, zot_minivault_5,
          uniq_grunn, uniq_josephina
Zot:4:    layout_onion_interference, gammafunk_ghost_wrathful_warriors,
          regret_index_zotdec_zees, amethyst_zot_foddershock
Zot:5:    layout_gridlike, gammafunk_ghost_door_vault, st_stairs_5

Skill      XL: |  1  2  3  4  5  6  7  8  9 10 11 12 13 14 15 16 17 18 19 20 21 22 23 24 25 26 27 |
---------------+----------------------------------------------------------------------------------+-----
Stealth        | 2 3 |  3.0
Spellcasting   | 2 3 4 5 6 8 10 11 12 13 15 16 17 18 | 18.0
Ice Magic      | 4 5 6 7 9 |  9.0
Fighting       | 2 4 5 6 9 10 12 13 15 17 18 | 18.0
Evocations     | 3 5 7 8 11 12 14 16 | 16.0
Summonings     | 1 2 3 |  3.0
Alchemy        | 3 8 10 12 13 14 15 17 19 20 | 20.0
Dodging        | 4 6 9 10 12 | 12.0
Fire Magic     | 3 4 6 8 |  8.0
Armour         | 4 |  4.0
Conjurations   | 5 10 12 14 15 16 17 18 | 18.0
Invocations    | 2 7 10 15 18 20 | 20.3

Action                     |  1- 3 |  4- 6 |  7- 9 | 10-12 | 13-15 | 16-18 | 19-21 | 22-24 | 25-27 || total
---------------------------+-------+-------+-------+-------+-------+-------+-------+-------+-------++-------
  Melee: Whip              |     3 |       |       |       |       |       |       |       |       ||     3
         Short sword       |    36 |    68 |       |       |       |       |       |       |       ||   104
         Trident           |       |    26 |   225 |   719 |  1009 |   135 |       |       |       ||  2114
         Spear             |       |       |       |    31 |       |       |       |       |       ||    31
         Staff             |       |       |       |       |   114 |   270 |   147 |   117 |    60 ||   708
         Bo                |       |       |       |       |       |       |    82 |   102 |    56 ||   240
         Headbutt          |       |       |       |       |       |       |    26 |    46 |    24 ||    96
         Bite              |       |       |       |       |       |       |     6 |    11 |    15 ||    32
         Pseudopods        |       |       |       |       |       |       |       |    13 |    31 ||    44
  Throw: Dart              |       |       |     1 |     5 |     3 |       |       |       |       ||     9
   Cast: Freeze            |    56 |    36 |    22 |    11 |     4 |       |       |       |       ||   129
         Frozen Ramparts   |     3 |    14 |    31 |    66 |   100 |    26 |       |       |     1 ||   241
         Ozocubu's Armour  |       |    11 |    17 |    69 |    75 |    12 |     1 |       |       ||   185
         Summon Ice Beast  |       |       |    17 |    50 |    67 |     4 |       |       |       ||   138
         Sticky Flame      |       |       |       |    14 |    75 |    83 |       |       |       ||   172
         Irradiate         |       |       |       |       |    17 |    69 |    61 |    58 |    50 ||   255
         Fireball          |       |       |       |       |       |   205 |   176 |    65 |    61 ||   507
         Hailstorm         |       |       |       |       |       |   116 |   126 |       |       ||   242
         Starburst         |       |       |       |       |       |       |    77 |   112 |    85 ||   274
         Olgreb's Toxic Ra |       |       |       |       |       |       |     3 |       |       ||     3
         Ignite Poison     |       |       |       |       |       |       |     2 |       |       ||     2
         Fulsome Fusillade |       |       |       |       |       |       |     9 |   115 |    82 ||   206
         Passwall          |       |       |       |       |       |       |       |     1 |     4 ||     5
         Yara's Violent Un |       |       |       |       |       |       |       |     1 |       ||     1
         Bombard           |       |       |       |       |       |       |       |       |    36 ||    36
 Invoke: Oozemancy         |       |       |       |       |     5 |       |     2 |       |     3 ||    10
         Slimify           |       |       |       |       |       |       |       |       |     4 ||     4
Ability: Invent Gizmo      |       |       |       |       |     1 |       |       |       |       ||     1
  Evoke: Wand              |       |     8 |    10 |     7 |    13 |     7 |     9 |     5 |    17 ||    76
         Box of beasts     |       |       |       |       |     2 |       |     2 |     1 |       ||     5
         Tin of tremorston |       |       |       |       |       |     1 |     1 |     4 |       ||     6
         Gell's gravitambo |       |       |       |       |       |       |     2 |     1 |     3 ||     6
         Phantom mirror    |       |       |       |       |       |       |       |       |     2 ||     2
    Use: Scroll            |       |     4 |     6 |     7 |     5 |     8 |     9 |     4 |     7 ||    50
         Potion            |       |     2 |       |       |       |       |     1 |       |     6 ||     9
   Stab: Sleeping          |     6 |     7 |     6 |     3 |     1 |     1 |     1 |       |       ||    25
         Paralysed         |       |       |       |     7 |       |       |       |       |     9 ||    16
         Distracted        |       |       |       |     3 |     2 |       |       |       |       ||     5
         Confused          |       |       |       |       |     7 |     5 |     1 |       |       ||    13
 Armour: Robe              |    27 |    59 |    93 |    72 |       |       |       |       |       ||   251
         Steam dragon scal |       |       |       |   290 |   311 |       |       |       |       ||   601
         Troll leather arm |       |       |       |       |   369 |   225 |       |       |       ||   594
         Ring mail         |       |       |       |       |       |   262 |   320 |   256 |   228 ||  1066
  Dodge: Dodged            |    39 |    56 |    79 |   303 |   560 |   384 |   228 |   255 |   184 ||  2088

Table legend: (Time is in decaauts)
 A = Elapsed time spent in this place.
 B = Non-inter-level travel time spent in this place.
 C = Inter-level travel time spent in this place.
 D = Time resting spent in this place.
 E = Time spent auto-exploring this place.
 F = Levels seen in this place.
 G = Mean time per level.
                   A        B        C        D        E       F      G
               +--------+--------+--------+--------+--------+-----+--------+
         Total |  64027 |  58950 |   5077 |   9311 |  35006 |  63 | 1016.3 |
       Dungeon |  20519 |  18767 |   1752 |   2801 |  11933 |  15 | 1367.9 |
        Temple |      1 |      1 |      0 |      0 |      0 |   1 |    1.0 |
          Lair |  10516 |   9658 |    858 |   1960 |   5577 |   5 | 2103.2 |
         Swamp |   3538 |   3328 |    210 |    468 |   2093 |   4 |  884.5 |
     Snake Pit |   3749 |   3571 |    178 |    470 |   2068 |   4 |  937.2 |
    Slime Pits |    466 |    328 |    138 |      0 |    158 |   5 |   93.2 |
  Orcish Mines |   1831 |   1640 |    191 |     40 |    714 |   2 |  915.5 |
   Elven Halls |   3083 |   2949 |    134 |    388 |   1561 |   3 | 1027.7 |
        Vaults |   6889 |   6111 |    778 |    123 |   4594 |   5 | 1377.8 |
         Crypt |     13 |     13 |      0 |      0 |      3 |   1 |   13.0 |
        Depths |   6120 |   5593 |    527 |    881 |   3502 |   4 | 1530.0 |
           Zot |   4526 |   4221 |    305 |    812 |   2541 |   5 |  905.2 |
      Ziggurat |    267 |    267 |      0 |    121 |      0 |   6 |   44.5 |
        Bailey |   1484 |   1484 |      0 |   1087 |      0 |   1 | 1484.0 |
        Wizlab |    473 |    473 |      0 |     55 |     75 |   1 |  473.0 |
      Gauntlet |    546 |    546 |      0 |    103 |    186 |   1 |  546.0 |
               +--------+--------+--------+--------+--------+-----+--------+

Top non-repeatable levels by time:
  Lair:2: 3225 daAuts
  Lair:3: 2511 daAuts
     D:8: 2274 daAuts
     D:7: 2042 daAuts
Depths:4: 2014 daAuts
     D:2: 1826 daAuts
  Lair:1: 1778 daAuts
     D:1: 1681 daAuts
Depths:2: 1680 daAuts
  Lair:5: 1647 daAuts
    D:10: 1511 daAuts
  Bailey: 1484 daAuts
Vaults:5: 1479 daAuts
   Elf:3: 1478 daAuts
 Snake:4: 1462 daAuts

Table legend:
 A = Kills in this place as a percentage of kills in the entire game.
 B = Kills by you in this place as a percentage of kills by you in the entire game.
 C = Kills by friends in this place as a percentage of kills by friends in the entire game.
 D = Other kills in this place as a percentage of other kills in the entire game.
 E = Experience gained in this place as a percentage of experience gained in the entire game.
 F = Experience gained in this place divided by the number of levels of this place that you have seen.
                   A       B       C       D       E      F
               +-------+-------+-------+-------+-------+----------------------
         Total | 100.0 | 100.0 | 100.0 | 100.0 | 100.0 | 20608.0
       Dungeon |  18.4 |  17.8 |  34.3 |  26.7 |   5.8 | 5019.4
          Lair |  10.1 |   9.5 |  30.0 |   0.0 |   4.3 | 11287.8
         Swamp |   6.9 |   6.9 |   0.0 |  33.3 |   6.5 | 21230.2
     Snake Pit |   8.1 |   8.4 |   1.4 |   0.0 |   7.4 | 24156.5
  Orcish Mines |   6.5 |   5.9 |  21.4 |  13.3 |   1.6 | 10329.5
   Elven Halls |   6.6 |   6.9 |   0.0 |   0.0 |   8.5 | 36794.0
        Vaults |  17.3 |  17.9 |   2.9 |   0.0 |  24.9 | 64588.6
         Crypt |   0.4 |   0.4 |   0.0 |   0.0 |   0.1 | 1866.0
        Depths |  13.2 |  13.6 |   0.0 |  26.7 |  19.4 | 62879.0
           Zot |   8.2 |   8.5 |   1.4 |   0.0 |  17.1 | 44371.8
      Ziggurat |   1.4 |   1.4 |   0.0 |   0.0 |   1.9 | 4062.3
        Bailey |   0.9 |   0.8 |   4.3 |   0.0 |   0.1 | 1879.0
        Wizlab |   1.4 |   1.3 |   4.3 |   0.0 |   2.0 | 26308.0
      Gauntlet |   0.6 |   0.7 |   0.0 |   0.0 |   0.2 | 3239.0
               +-------+-------+-------+-------+-------+----------------------
